 Dungeon Crawl Stone Soup version 0.27.1-35-g4d5d836560 (console) character file.

Game seed: 6201923019962965000

1767657 Banquo the Conqueror (level 27, 249/249 HPs)
             Began as a Formicid Fighter on Mar 17, 2022.
             Was a Favourite Plaything of Xom.
             Escaped with the Orb
             ... and 3 runes on Mar 21, 2022!
             The game lasted 06:40:07 (66630 turns).

Banquo the Conqueror (Formicid Fighter)            Turns: 66630, Time: 06:40:07

Health: 249/249    AC: 37    Str: 26      XL:     27
Magic:  23/23      EV:  5    Int: 16      God:    Xom [*.....]
Gold:   6772       SH: 35    Dex:  9 (10) Spells: 26/26 levels left

rFire    + + .     SeeInvis +   a - +18 lance {slay drac, rPois rF+ rC+ AC+3}
rCold    + + .     Faith    .   i - +18 shield of the Gong {rElec rN+ Will+ EV-5}
rNeg     + . .     Spirit   .   d - +6 gold dragon scales
rPois    +         Reflect  .   (helmet unavailable)
rElec    +         Harm     .   e - +2 cloak {rCorr}
rCorr    +         Rampage  +   g - +0 pair of gloves of the Lobster {Rampage Str-4 Dex+2 Slay+5}
Will     ++++.                  f - +1 pair of boots of Uskayaw's Displeasure {Int+6}
Stlth    ..........             t - amulet of regeneration
HPRegen  2.51/turn              c - +4 ring of slaying
MPRegen  0.18/turn              K - +4 ring of slaying

@: mighty, studying 3 skills
A: permanent stasis, dig shafts and tunnels, antennae 3, four strong arms, fangs
1, hooves 1, clumsy 1, deformed body, deterioration 2, strong-willed 1,
regeneration 1, weak 1, wild magic 1, no potion heal 2, inability to read while
threatened, MP-powered wands, noise suppression
0: Orb of Zot
}: 3/15 runes: decaying, silver, gossamer
a: Dig, Shaft Self, Renounce Religion


You escaped.
You worshipped Xom.
You were a special plaything of Xom.
You visited 9 branches of the dungeon, and saw 49 of its levels.
You visited the Abyss 1 time.
You also visited: Trove, Sewer, Bailey, Gauntlet, Ice Cave and Wizlab.

You collected 11364 gold pieces.
You spent 4592 gold pieces at shops.

Inventory:

Hand Weapons
 a - the +18 lance "Wyrmbane" (weapon) {slay drac, rPois rF+ rC+ AC+3}
   (You took it off Maggie on level 6 of the Dungeon)

   It inflicts extra damage against dragons and draconians.
   AC:        It affects your AC (+3).
   rF:        It protects you from fire.
   rC:        It protects you from cold.
   rPois:     It protects you from poison.
 b - a +9 vampiric battleaxe
 h - a +9 war axe of holy wrath
 q - a +1 executioner's axe of freezing
Missiles
 n - 40 boomerangs (quivered)
 J - 6 throwing nets
Armour
 d - +6 gold dragon scales (worn)
 e - a +2 cloak of preservation (worn)
 f - the +1 pair of boots of Uskayaw's Displeasure (worn) {Int+6}
   (You acquired it on level 8 of the Dungeon)

   Int:       It affects your intelligence (+6).
 g - the +0 pair of gloves of the Lobster (worn) {Rampage Str-4 Dex+2 Slay+5}
   (You found it in a treasure trove)

   Str:       It affects your strength (-4).
   Dex:       It affects your dexterity (+2).
   Slay:      It affects your accuracy & damage with ranged weapons and melee
   (+5).
   Rampage:   It bestows one free step when moving towards enemies.
 i - the +18 shield of the Gong (worn) {rElec rN+ Will+ EV-5}
   (You bought it in a shop on level 2 of the Depths)

   It is deafeningly noisy when blocking attacks.
   EV:        It affects your evasion (-5).
   rElec:     It insulates you from electricity.
   rN:        It protects you from negative energy.
   Will:      It increases your willpower.
 j - the +0 pair of gloves of Sloth {-Tele rElec Regen+ Str+6}
   (You found it in a treasure trove)

   Str:       It affects your strength (+6).
   rElec:     It insulates you from electricity.
   -Tele:     It prevents most forms of teleportation.
   Regen:     It increases your rate of health regeneration.
 B - a scarf of shadows
Jewellery
 c - a +4 ring of slaying (left hand)
 r - the ring of the Fifty Visionaries {Will+ Str+6 Int+5 SInv Stlth-}
   (You found it on level 2 of the Vaults)

   [ring of strength]

   Str:       It affects your strength (+6).
   Int:       It affects your intelligence (+5).
   SInv:      It lets you see invisible.
   Will:      It increases your willpower.
   Stlth:     It makes you less stealthy.
 t - an amulet of regeneration (around neck)
 A - a +4 ring of evasion
 E - a ring of resist corrosion
 F - a ring of protection from fire
 K - a +4 ring of slaying (right hand)
 L - a ring of flight
 R - the amulet of the Four Winds {rN+ Will+++ Clar}
   (You took it off a deep elf sorcerer on level 3 of the Elven Halls)

   [amulet of nothing]

   rN:        It protects you from negative energy.
   Clar:      It protects you against confusion.
   Will:      It greatly increases your willpower.
 V - a +4 ring of evasion
Wands
 p - a wand of iceblast (89)
 u - a wand of mindburst (20)
 D - a wand of digging (25)
 H - a wand of acid (40)
 S - a wand of flame (31)
Scrolls
 s - 14 scrolls of fear
 G - 5 scrolls of holy word
 I - 9 scrolls of fog
 O - 2 scrolls of silence
 X - 4 scrolls of summoning
 Y - 11 scrolls of noise
Potions
 k - 29 potions of curing
 l - 5 potions of cancellation
 o - 7 potions of flight
 v - 12 potions of heal wounds
 w - 2 potions of magic
 C - 4 potions of resistance
 M - 4 potions of mutation
 P - 3 potions of brilliance
 Q - 6 potions of might
 T - 2 potions of invisibility
 Z - 6 potions of ambrosia
Miscellaneous
 x - a phantom mirror
 y - a lightning rod (4/4)
 z - a box of beasts


   Skills:
 O Level 27 Fighting
 - Level 18.4(22.8) Axes
 + Level 23.0(24.9) Polearms
 - Level 24.0 Armour
 - Level 14.0 Dodging
 - Level 23.0 Shields


You had 26 spell levels left.
You didn't know any spells.
Your spell library contained the following spells:

 Spells                   Type           Power      Damage    Failure   Level
 Foxfire                  Conj/Fire      0%         2x1d4     95%         1
 Magic Dart               Conj           0%         1d3       95%         1
 Summon Small Mammal      Summ           0%         N/A       95%         1
 Call Imp                 Summ           0%         N/A       99%         2
 Corpse Rot               Necr/Air       N/A        N/A       99%         2
 Ensorcelled Hibernation  Hex/Ice        0%         N/A       99%         2
 Passwall                 Tmut/Erth      0%         N/A       99%         2
 Poisonous Vapours        Pois/Air       0%         N/A       99%         2
 Sublimation of Blood     Necr           0%         N/A       99%         2
 Wereblood                Tmut           0%         N/A       99%         2
 Call Canine Familiar     Summ           0%         N/A       100%        3
 Conjure Flame            Conj/Fire      0%         6-21      100%        3
 Dazzling Flash           Conj/Hex       0%         N/A       100%        3
 Frozen Ramparts          Ice            0%         1d2       100%        3
 Ignite Poison            Fire/Tmut/Pois 0%         N/A       100%        3
 Inner Flame              Hex/Fire       0%         N/A       100%        3
 Mephitic Cloud           Conj/Pois/Air  0%         N/A       100%        3
 Ozocubu's Armour         Ice            0%         N/A       100%        3
 Portal Projectile        Hex/Tloc       0%         N/A       100%        3
 Spider Form              Tmut/Pois      0%         N/A       100%        3
 Stone Arrow              Conj/Erth      0%         3d7       100%        3
 Summon Guardian Golem    Hex/Summ       0%         N/A       100%        3
 Teleport Other           Tloc           0%         N/A       100%        3
 Tukima's Dance           Hex            0%         N/A       100%        3
 Airstrike                Air            0%         N/A       100%        4
 Animate Armour           Summ/Erth      0%         N/A       100%        4
 Animate Dead             Necr           0%         N/A       100%        4
 Cause Fear               Hex            0%         N/A       100%        4
 Fulminant Prism          Conj/Hex       0%         3d6       100%        4
 Hailstorm                Conj/Ice       0%         3d3       100%        4
 Ice Form                 Ice/Tmut       0%         N/A       100%        4
 Iskenderun's Mystic Bla  Conj/Tloc      0%         2d3       100%        4
 Leda's Liquefaction      Hex/Erth       0%         N/A       100%        4
 Passage of Golubria      Tloc           N/A        N/A       100%        4
 Sticky Flame             Conj/Fire      0%         2d3       100%        4
 Summon Ice Beast         Ice/Summ       0%         N/A       100%        4
 Agony                    Necr           0%         N/A       100%        5
 Alistair's Intoxication  Tmut/Pois      0%         N/A       100%        5
 Blade Hands              Tmut           0%         N/A       100%        5
 Bolt of Magma            Conj/Fire/Erth 0%         4d4       100%        5
 Borgnjor's Vile Clutch   Necr/Erth      0%         N/A       100%        5
 Excruciating Wounds      Necr           0%         N/A       100%        5
 Freezing Cloud           Conj/Ice/Air   0%         6-21      100%        5
 Lee's Rapid Deconstruct  Erth           0%         3d5*      100%        5
 Metabolic Englaciation   Hex/Ice        0%         N/A       100%        5
 Silence                  Hex/Air        0%         N/A       100%        5
 Summon Forest            Summ/Tloc      0%         N/A       100%        5
 Yara's Violent Unravell  Hex/Tmut       0%         3d3       100%        5
 Eringya's Noxious Bog    Tmut/Pois      0%         N/A       100%        6
 Invisibility             Hex            0%         N/A       100%        6
 Iron Shot                Conj/Erth      0%         9d1       100%        6
 Shadow Creatures         Summ           N/A        N/A       100%        6
 Simulacrum               Ice/Necr       0%         N/A       100%        6
 Dragon Form              Tmut           0%         N/A       100%        7
 Haunt                    Necr/Summ      0%         N/A       100%        7
 Malign Gateway           Summ/Tloc      0%         N/A       100%        7
 Spellforged Servitor     Conj/Summ      0%         N/A       100%        7
 Summon Hydra             Summ           0%         N/A       100%        7
 Infestation              Necr           0%         N/A       100%        8
 Lehudib's Crystal Spear  Conj/Erth      0%         10d2      100%        8
 Summon Horrible Things   Summ           0%         N/A       100%        8
 Death's Door             Necr           0%         N/A       100%        9
 Dragon's Call            Summ           0%         N/A       100%        9
 Swiftness                Air            Unusable   N/A       N/A         3

Dungeon Overview and Level Annotations

Branches:
Dungeon (15/15)            Temple (0/1) D:6            Lair (6/6) D:8
  Swamp (4/4) Lair:2       Spider (4/4) Lair:2        Slime (0/5) Lair:6
    Orc (2/2) D:12            Elf (3/3) Orc:2        Vaults (5/5) D:13
  Crypt (0/3) Vaults:2     Depths (5/5) D:15            Zot (5/5) Depths:5
  Sewer (visited)          Bailey (visited)           IceCv (visited)
 WizLab (visited)         Gauntlet (visited)

Altars:
Cheibriados
Dithmenos
Kikubaaqudgha
Okawaru
Qazlal
Vehumet
Wu Jian
Xom
Beogh

Shops:
D:1 [   D:4 *   D:6 *   Orc:2 (*(=   Vaults:4 =   Vaults:5 (   Depths:1 =::
Depths:2 [*

Portals:
Hell: Depths:1 Depths:2 Depths:3 Depths:4 Depths:5
Abyss: Depths:4 Depths:5
Pandemonium: Depths:3
Ziggurat: Depths:2


Innate Abilities, Weirdness & Mutations

You cannot be hasted, slowed, berserked, paralysed or teleported.
You can dig through walls and to a lower floor.
You have a pair of large antennae on your head. (SInv)
Your four strong arms can wield two-handed weapons with a shield.
You have very sharp teeth.
You have large cloven feet.
You are clumsy. (Dex -2)
Armour fits poorly on your strangely shaped body.
Your body often deteriorates upon taking damage.
You are strong-willed. (Will+)
Your natural rate of healing is unusually fast.
You are weak. (Str -2)
Your spells are a little harder to cast, but a little more powerful.
Potions cannot restore your health.
You sometimes lose the ability to read scrolls when taking damage.
You expend magic power (3 MP) to strengthen your wands.
You passively dampen the noise of your surroundings.


Message History

GONNNNG!
You hit the Orb Guardian but do no damage.
The Orb Guardian is moderately wounded.
A green death comes into view.
You completely miss the Orb Guardian.
The Orb Guardian is moderately wounded.
You block the Orb Guardian's attack.
BONNNG!
You stick the Orb Guardian like a pincushion!!!
The Orb Guardian is almost dead.
You block the Orb Guardian's attack.
GONNNNG!
You hit the Orb Guardian.
The Orb Guardian is almost dead.
You puncture the Orb Guardian!
You kill the Orb Guardian!
You impale the green death!!
The green death is heavily wounded.
You impale the green death!! You bite the green death.
You kill the green death!
You feel your intelligence returning.
Your base Polearms skill increases to level 23!
No target in view!
Enter note: Woot!
You are mighty.
You are studying Short Blades, Slings and Poison Magic.
Your movement speed is average.
Your attack delay is about 0.5 (and cannot be improved with additional weapon skill).
Your base attributes are Str 32, Int 10, Dex 10.
Unknown command.
Unknown command.
Unknown command.
Unknown command.
You have escaped!

##..#####≈≈≈≈≈≈≈#####..###...
##.### #§≈≈.....≈≈≈##.##.##...
#.## #...........#.####.##..
#.# ######'##..#.## #.##..
##.##### ###8'8#.##.######.##..
#.##≈..###.........###...##.#..
#.#≈≈..##...........##....#.#..
#.#≈...##............#....#.#..
#.'≈...'8.....@...........'....
#.#≈...#'............#....#)#..
#.#§§§.##...........##....#.#..
#.##§§.###.........###...##.#>.
#.###### ####8'8#### #####.##.#
##.# ######'###### #.##.. #.##
#......§....# ##.#### ##.###
#≈≈§§..§§§≈≈# ###.###..
##..#####§§≈≈≈≈§#####..## #.#


There were no monsters in sight!

Vanquished Creatures
  A pandemonium lord (Zot:5)
  4 dread liches
  5 ancient liches
  6 orbs of fire
  3 Killer Klowns (Zot:5)
  3 curse toes
  the Lernaean hydra (Swamp:4)
  A Hellbinder (WizLab)
  9 golden dragons
  A Brimstone Fiend (D:1)
  4 electric golems
  An Ice Fiend (IceCv)
  Jorgrun (Swamp:3)
  11 tentacled monstrosities
  28 Orb Guardians
  2 deep elf blademasters (Elf:3)
  4 titans
  4 liches
  2 deep elf master archers (Elf:3)
  3 quicksilver dragons
  2 tentacled starspawn (Abyss:2)
  An acid blob (shapeshifter) (Vaults:5)
  5 sphinxes
  Gastronok (D:8)
  10 shadow dragons
  14 storm dragons
  18 death cobs
  2 thorn hunters
  2 draconian monks (Zot:3)
  The ghost of makewrite the Bludgeoner, an adept HOBe of Trog (Swamp:1)
  A daeva (Abyss:2)
  Donald (Vaults:4)
  A fenstrider witch (Zot:2)
  14 tengu reavers
  4 deep elf sorcerers
  Aizul (Vaults:2)
  6 frost giants
  9 draconian knights
  3 iron dragons
  15 vault wardens
  6 draconian scorchers
  5 fire giants
  8 emperor scorpions
  2 cacodemons
  A ghost moth (shapeshifter) (Vaults:5)
  6 draconian shifters
  3 balrugs
  3 deep elf elementalists (Elf:3)
  7 ghost moths
  2 draconian annihilators
  4 draconian stormcallers
  5 spriggan defenders
  A stone giant (shapeshifter) (Depths:5)
  22 stone giants
  The ghost of kalagan the Thaumaturge, a journeyman DECj of Sif Muna (Elf:1)
  A quicksilver ooze (Depths:5)
  A reaper (Depths:1)
  2 war gargoyles (Vaults:5)
  16 ironbound preservers
  42 very ugly things
  9 green draconians
  3 vampire knights
  7 deep elf demonologists
  2 black suns
  A minotaur (Gauntlet)
  10 deep elf annihilators
  7 black draconians
  2 lorocyprocas
  3 yellow draconians
  6 purple draconians
  4 entropy weavers
  18 red draconians
  2 spark wasps (Depths:2)
  11 white draconians
  2 bunyips (Swamp:2)
  7 eleionomae
  12 ettins
  A blizzard demon (Depths:2)
  2 jiangshi (Depths:2)
  A green death (D:1)
  8 deep elf death magi
  Josephine (Lair:2)
  2 crystal guardians (Vaults:3)
  8 ironbound thunderhulks
  8 fire dragons
  17 yaktaur captains
  A shambling mangrove (Swamp:2)
  5 deep elf high priests
  33 vault guards
  5 rakshasas
  Fannar (D:11)
  18 hydras
  5 great orbs of eyes
  A salamander tyrant (Depths:5)
  6 caustic shrike simulacra (IceCv)
  4 hell beasts
  7 spriggan air magi
  A monstrous demonspawn (Zot:4)
  16 ice dragons
  12 boulder beetles
  3 peacekeepers
  A ghost crab (Swamp:1)
  Harold (D:7)
  6 centaur warriors (Vaults:1)
  4 ogre magi
  A death knight (Vaults:2)
  2 catoblepae
  5 ironbound frosthearts
  Erica (Lair:2)
  10 alligators
  9 deep troll shamans
  14 two-headed ogres
  26 dancing weapons
  5 tengu warriors
  12 death yaks
  15 deep troll earth magi
  A thrashing horror (Abyss:2)
  4 spriggan berserkers
  3 vampire magi
  11 hell knights
  8 soul eaters
  3 sun demons (WizLab)
  14 deep elf knights
  A wretched star (Abyss:2)
  5 sixfirhies
  4 salamander mystics (Depths:5)
  7 skeletal warriors
  5 goliath frogs
  3 shadow demons
  20 iron trolls
  3 glowing orange brains
  A flayed ghost (Depths:3)
  4 spriggan druids
  2 death drakes
  12 swamp dragons
  6 bog bodies
  68 deep trolls
  A lindwurm (shapeshifter) (Vaults:1)
  Pikel (D:4)
  14 ironbound convokers
  9 starcursed masses
  20 deep elf pyromancers
  13 wizards
  4 obsidian statues
  17 deep elf archers
  9 phantasmal warriors
  17 deep elf zephyrmancers
  16 orb spiders
  5 orc knights
  A harpy (Vaults:1)
  A stone giant zombie (D:15)
  33 wolf spiders
  8 necromancers
  5 oklob plants
  An orc sorcerer (Orc:2)
  56 slime creatures
  4 will-o-the-wisps
  38 ugly things
  26 moths of wrath
  6 cyclopes
  2 manticores
  A cyclops (shapeshifter) (Vaults:3)
  11 salamanders
  A worldbinder (Abyss:2)
  Maurice (D:11)
  4 rust devils (WizLab)
  An elephant (shapeshifter) (Vaults:5)
  7 black mambas
  3 orange demons
  11 elephants
  A cane toad (shapeshifter) (Lair:4)
  4 torpor snails
  17 vault sentinels
  2 ice statues (Depths:2)
  A torpor snail (shapeshifter) (Vaults:5)
  Maggie (D:6)
  A gargoyle (D:10)
  11 cane toads
  5 smoke demons
  15 demonic crawlers
  A hellion (WizLab)
  4 rime drakes
  2 unseen horrors
  15 komodo dragons
  A tormentor (WizLab)
  An entropy weaver simulacrum (IceCv)
  17 yaktaurs
  4 tengu conjurers
  3 efreet
  3 golden dragon simulacra (IceCv)
  12 freezing wraiths
  2 guardian mummies (Zot:2)
  An ancient zyme (Abyss:2)
  4 hellwings
  A red devil (WizLab)
  A jumping spider (shapeshifter) (D:14)
  5 polar bears
  A bloated husk (Swamp:1)
  13 trolls
  30 jumping spiders
  27 hornets
  3 meliai (D:13)
  A wind drake (shapeshifter) (Vaults:5)
  A deep troll zombie (D:15)
  10 tyrant leeches
  8 blink frogs (Lair:1)
  A blink frog (shapeshifter) (Vaults:2)
  Grinder (D:6)
  A raiju (Abyss:2)
  14 dream sheep
  Sigmund (D:6)
  An air elemental (Elf:2)
  A deep troll skeleton (D:15)
  A meliai zombie (D:11)
  75 redbacks
  32 spriggans
  7 wyverns
  5 wraiths
  An ice dragon skeleton (Abyss:2)
  23 tarantellas
  2 vampires
  3 basilisks (Lair:6)
  67 yaks
  A spriggan simulacrum (IceCv)
  2 neqoxecs (Gauntlet)
  21 fire elementals
  7 vampire mosquitoes
  3 chaos spawn (WizLab)
  3 steam dragons
  A warg (Orc:2)
  Menkaure (D:6)
  The ghost of temujin the Magician, an amateur DjCj (D:3)
  18 swamp worms
  5 large abominations
  A human zombie (D:15)
  4 acid dragons
  16 water moccasins
  9 swamp drakes
  Purgy (Sewer)
  18 orc warriors
  A sky beast (D:7)
  Duvessa (D:6)
  2 ettin simulacra (IceCv)
  7 black bears
  A tengu (Lair:1)
  3 boggarts (Lair:6)
  4 ice beasts
  A tengu (shapeshifter) (D:13)
  24 ogres
  4 lemures
  8 centaurs
  38 wolves
  6 kobold brigands
  Blork the orc (D:6)
  2 gnoll sergeants
  9 bullfrogs
  3 earth elementals
  2 deep troll simulacra (IceCv)
  2 scorpions
  2 wyvern zombies
  Dowan (D:6)
  A water moccasin zombie (D:6)
  A water moccasin skeleton (D:5)
  5 small abominations (Abyss:2)
  3 killer bees (D:9)
  5 wights (D:10)
  8 electric eels
  A howler monkey (D:7)
  4 centaur zombies
  2 bullfrog zombies (D:5)
  9 orc priests
  A bullfrog skeleton (D:5)
  2 centaur skeletons (D:5)
  A hound (D:5)
  5 jellies
  2 gnoll shamans
  Crazy Yiuf (D:7)
  6 iguanas
  15 orc wizards
  3 scorpion zombies (D:5)
  2 hound skeletons
  6 howler monkey zombies
  13 gnolls
  A howler monkey skeleton (D:7)
  3 adders
  A shadow imp (D:5)
  An ufetubus (Abyss:2)
  3 adder zombies
  5 worms
  4 dart slugs
  97 orcs
  3 ball pythons
  13 bats
  9 endoplasms
  5 giant cockroaches
  7 goblins
  14 hobgoblins
  2 jackals (D:3)
  3 quokkas (D:1)
  5 frilled lizards
  36 kobolds
  5 rats
  2 starspawn tentacles (Abyss:2)
2273 creatures vanquished.

Vanquished Creatures (collateral kills)
  A fire giant (Depths:4)
  A war gargoyle (Vaults:2)
  2 deep elf annihilators (Elf:3)
  An ettin (Vaults:5)
  A two-headed ogre (D:12)
  2 deep troll shamans (Depths:4)
  2 deep trolls
  A demonic crawler (Spider:1)
  A neqoxec (WizLab)
  An ice beast (D:7)
  A black bear (Lair:1)
  3 ogres (Orc:2)
  A boggart (Lair:6)
  A howler monkey (D:7)
  A howler monkey zombie (D:7)
20 creatures vanquished.

Vanquished Creatures (others)
  A deep elf blademaster (Elf:2)
  A fire giant (Depths:5)
  A blood saint (Zot:4)
  A stone giant (Vaults:3)
  A lorocyproca (Zot:4)
  A peacekeeper (Vaults:3)
  4 dancing weapons
  2 deep elf knights (Elf:2)
  A spriggan druid (Depths:4)
  2 ironbound convokers (Vaults:3)
  2 wizards
  A deep elf zephyrmancer (Elf:2)
  An ugly thing (Depths:3)
  A vault sentinel (Vaults:3)
  A bloated husk (Swamp:2)
  A hornet (Depths:4)
  A slime creature (Vaults:3)
  A wolf (Lair:2)
  A bullfrog (Lair:2)
  An orc priest (Orc:2)
  An orc (Orc:2)
  2 bushes (D:8)
  10 foxfires (Swamp:3)
  43 fungi
  93 plants
  3 starspawn tentacles (Abyss:2)
  6 withered plants (D:5)
184 creatures vanquished.

Grand Total: 2477 creatures vanquished

Notes
Turn   | Place    | Note
-------+----------+-------------------------------------------
     0 | D:1      | Banquo the Formicid Fighter began the quest for the Orb.
     0 | D:1      | Reached XP level 1. HP: 18/18 MP: 1/1
    54 | D:1      | Reached XP level 2. HP: 24/24 MP: 2/2
   190 | D:1      | Reached XP level 3. HP: 17/29 MP: 3/3
   783 | D:1      | Found Xaferaos's Armour Boutique.
   947 | D:1      | Found a faded altar of an unknown god.
   947 | D:1      | Noticed a soul eater
   955 | D:1      | Became a worshipper of Xom of Chaos
   978 | D:1      | XOM: silly message
  1076 | D:2      | Reached XP level 4. HP: 33/35 MP: 4/4
  1664 | D:2      | Reached XP level 5. HP: 29/41 MP: 5/5
  1811 | D:2      | XOM: summons 3 hostile demons
  1861 | D:3      | Found an ancient bone altar of Kikubaaqudgha.
  1924 | D:3      | Found a glowing drain.
  1932 | D:3      | Reached skill level 5 in Axes
  1999 | Sewer    | Entered a sewer
  2022 | Sewer    | Noticed Purgy
  2036 | Sewer    | Killed Purgy
  2037 | Sewer    | Reached XP level 6. HP: 35/47 MP: 6/6
  2429 | D:2      | XOM: give mutations
  2429 | D:2      | Gained mutation: You are agile. (Dex +2) [Xom's grace]
  2429 | D:2      | Gained mutation: You are robust. (+10% HP) [Xom's grace]
  2429 | D:2      | Gained mutation: You have an increased reservoir of magic.
                  | (+10% MP) [Xom's grace]
  2602 | D:3      | Found a transporter.
  2731 | D:3      | Noticed temujin's ghost (amateur DjCj)
  2734 | D:3      | Found a transporter.
  2979 | D:4      | Found a stormy altar of Qazlal.
  3087 | D:4      | XOM: summons friendly crimson imp
  3090 | D:4      | XOM: smoke on damage
  3119 | D:4      | Noticed a black bear
  3135 | D:4      | Killed a black bear
  3136 | D:4      | Reached XP level 7. HP: 36/58 MP: 7/7
  3200 | D:4      | XOM: give mutations
  3200 | D:4      | Gained mutation: You are strong-willed. (Will+) [Xom's
                  | grace]
  3200 | D:4      | Gained mutation: You are partially covered in iridescent
                  | scales. (AC +2) [Xom's grace]
  3242 | D:4      | Found Sayrofap's Assorted Antiques.
  3250 | D:4      | Bought a scroll labelled AZXAQ QOBLIRR for 17 gold pieces
  3250 | D:4      | Bought 3 scrolls labelled QIFAER LUDAMPI for 51 gold pieces
  3250 | D:4      | Bought a sedimented puce potion for 15 gold pieces
  3250 | D:4      | Bought a sedimented puce potion for 15 gold pieces
  3250 | D:4      | Bought a scroll labelled KYGREC ARGHE for 17 gold pieces
  3250 | D:4      | Bought a silvery potion for 15 gold pieces
  3433 | D:4      | Found a radiant altar of Vehumet.
  3548 | D:4      | Found an ornate altar of the Wu Jian Council.
  3585 | D:4      | Found a snail-covered altar of Cheibriados.
  3700 | D:4      | Found a shadowy altar of Dithmenos.
  3762 | D:4      | XOM: god gift: wand of acid (9)
  3806 | D:4      | XOM: cloud trail
  3864 | D:5      | Entered Level 5 of the Dungeon
  3883 | D:5      | XOM: cast spell 'Summon Mana Viper'
  3888 | D:5      | Noticed Pikel
  3901 | D:5      | You are sucked into a shaft and drop 1 floor!
  4005 | D:6      | XOM: god gift: +2 hunting sling of chaos
  4065 | D:5      | XOM: confuse monster(s)
  4072 | D:5      | XOM: divination: detect creatures
  4210 | D:5      | XOM: scenery: create altars
  4215 | D:4      | XOM: enchant monster (good)
  4275 | D:5      | XOM: cleaving
  4282 | D:5      | Reached skill level 4 in Fighting
  4294 | D:5      | XOM: scenery: create altars
  4297 | D:5      | XOM: fog
  4302 | D:5      | Reached XP level 8. HP: 39/66 MP: 8/8
  4334 | D:5      | XOM: fog
  4440 | D:4      | XOM: divination: detect items
  4466 | D:4      | XOM: scenery: summon butterflies
  4478 | D:4      | Killed Pikel
  4479 | D:4      | Reached skill level 5 in Fighting
  4479 | D:4      | Reached skill level 1 in Dodging
  4479 | D:4      | Reached skill level 5 in Shields
  4498 | D:5      | Reached XP level 9. HP: 73/74 MP: 9/9
  4902 | D:6      | Noticed Maggie
  4977 | D:6      | XOM: silly message
  5002 | D:6      | XOM: cloud trail
  5048 | D:6      | XOM: silly message
  5086 | D:6      | Found a staircase to the Ecumenical Temple.
  5093 | D:6      | XOM: divination: detect creatures
  5104 | D:6      | Noticed Blork the orc
  5111 | D:6      | Killed Blork the orc
  5114 | D:6      | Noticed Sigmund
  5130 | D:6      | Killed Sigmund
  5243 | D:6      | Reached skill level 5 in Armour
  5294 | D:6      | Noticed Duvessa
  5294 | D:6      | XOM: silly message
  5294 | D:6      | Noticed Dowan
  5305 | D:6      | Killed Duvessa
  5311 | D:6      | Killed Dowan
  5337 | D:6      | XOM: noise
  5342 | D:6      | Noticed Grinder
  5357 | D:6      | Killed Grinder
  5358 | D:6      | Reached skill level 6 in Fighting
  5398 | D:6      | XOM: scenery: 1 doors open
  5415 | D:6      | Noticed Menkaure
  5430 | D:6      | Reached skill level 10 in Axes
  5430 | D:6      | XOM: butterfly on damage
  5433 | D:6      | Killed Menkaure
  5540 | D:6      | XOM: summons 7 friendly demons
  5561 | D:6      | XOM: confuse monster(s)
  5580 | D:6      | Reached XP level 10. HP: 59/83 MP: 11/11
  5761 | D:6      | Found Vugog's Assorted Antiques.
  5769 | D:6      | Bought a scroll labelled GATWACK MINE ZAQ for 29 gold
                  | pieces
  5817 | D:6      | XOM is BORED!
  5848 | D:6      | XOM: smoke on damage
  5851 | D:6      | You are sucked into a shaft and drop 2 floors!
  5887 | D:8      | XOM: god gift: scroll labelled HYRUUF EMICK {god gift}
  5900 | D:7      | XOM: scenery: summon butterflies
  5959 | D:6      | Killed Maggie
  5960 | D:6      | Reached skill level 1 in Polearms
  6187 | D:7      | XOM: polymorph scorpion -> acid dragon
  6195 | D:7      | XOM: god gift: 45 gold pieces
  6204 | D:7      | XOM: cast spell 'Monstrous Menagerie'
  6324 | D:7      | Reached skill level 7 in Fighting
  6439 | D:7      | Found a runed translucent door.
  6441 | D:7      | Noticed Crazy Yiuf
  6446 | D:7      | Killed Crazy Yiuf
  6455 | D:7      | Identified the +7 mace of Blind Justice {spect, Will+ MP-9
                  | Dex+5 Stlth+}
  6557 | D:7      | Identified the +2 broad axe "Qiczy" {flame, rC+ rN+ Int-3}
                  | (Xom gifted it to you on level 7 of the Dungeon)
  6557 | D:7      | XOM: god gift: +2 broad axe "Qiczy" {chaos, rC+ rN+ Int-3}
  6559 | D:7      | Noticed Harold
  6579 | D:7      | XOM: cast spell 'Summon Hydra'
  6591 | D:7      | Killed Harold
  6783 | D:7      | XOM: god gift: smoky pink potion {god gift}
  6909 | D:8      | XOM: repel stairs
  6935 | D:8      | Reached skill level 5 in Polearms
  6953 | D:8      | XOM: summons 6 hostile demons
  6982 | D:8      | Reached XP level 11. HP: 86/92 MP: 12/12
  6991 | D:8      | XOM: give mutation
  6991 | D:8      | Gained mutation: Your body sometimes deteriorates upon
                  | taking damage. [Xom's mischief]
  7091 | D:8      | Found a staircase to the Lair.
  7128 | D:8      | Noticed a two-headed ogre
  7137 | D:8      | XOM: noise
  7140 | D:8      | Killed a two-headed ogre
  7194 | D:8      | XOM: summons 6 hostile demons
  7195 | D:8      | Noticed a sixfirhy
  7286 | D:8      | XOM: blink monster(s)
  7294 | D:8      | Noticed Gastronok
  7338 | D:8      | Killed Gastronok
  7339 | D:8      | Reached skill level 8 in Fighting
  7442 | D:8      | XOM: give mutations
  7442 | D:8      | Lost mutation: You are robust. (+10% HP) [Xom's mischief]
  7442 | D:8      | Lost mutation: Your body sometimes deteriorates upon taking
                  | damage. [Xom's mischief]
  7442 | D:8      | Gained mutation: You are dopey. (Int -2) [Xom's mischief]
  7844 | Lair:1   | Entered Level 1 of the Lair of Beasts
  7848 | Lair:1   | XOM: silly message
  7855 | Lair:1   | XOM: swap monsters
  7860 | Lair:1   | XOM: divination: magic mapping
  7926 | Lair:1   | XOM: torment (45/87 hp)
  7992 | Lair:1   | XOM: polymorph wolf -> swamp drake
  8013 | Lair:1   | XOM: fog
  8028 | Lair:1   | XOM: polymorph blink frog -> tengu
  8030 | Lair:1   | XOM: destruction
  8079 | Lair:1   | Reached XP level 12. HP: 87/94 MP: 13/13
  8085 | Lair:1   | XOM: summons 2 friendly demons
  8114 | Lair:1   | XOM is BORED!
  8114 | Lair:1   | XOM: give mutations
  8114 | Lair:1   | Gained mutation: You sometimes lose the ability to read
                  | scrolls when taking damage. [Xom's mischief]
  8114 | Lair:1   | Gained mutation: You are weak. (Str -2) [Xom's mischief]
  8147 | Lair:1   | XOM: blink monster(s)
  8148 | Lair:1   | XOM: swap monsters
  8155 | Lair:1   | XOM: summons friendly white imp
  8162 | Lair:1   | XOM: silly message
  8198 | Lair:1   | Noticed a five-headed hydra
  8209 | Lair:1   | Killed a five-headed hydra
  8210 | Lair:1   | XOM: summons 6 hostile demons
  8221 | Lair:1   | You are sucked into a shaft and drop 1 floor!
  8241 | Lair:2   | Reached skill level 10 in Polearms
  8241 | Lair:2   | Reached XP level 13. HP: 90/100 MP: 14/14
  8291 | Lair:2   | XOM: confusion
  8292 | Lair:2   | XOM: summons 3 hostile shadow creatures
  8301 | Lair:2   | You are sucked into a shaft and drop 2 floors!
  8396 | Lair:4   | Noticed a four-headed hydra
  8408 | Lair:4   | Killed a four-headed hydra
  8409 | Lair:4   | Reached skill level 9 in Fighting
  8445 | Lair:4   | Noticed a six-headed hydra
  8457 | Lair:4   | Killed a six-headed hydra
  8473 | Lair:4   | XOM: fog
  8501 | Lair:3   | You are sucked into a shaft and drop 1 floor!
  8556 | Lair:4   | XOM: enchant monster (bad)
  8571 | Lair:4   | XOM: polymorph death yak -> death yak
  8574 | Lair:4   | XOM: fake destruction
  8608 | Lair:4   | Reached skill level 5 in Dodging
  8622 | Lair:4   | XOM: enchant monster (good)
  8746 | Lair:2   | XOM: fake destruction
  8823 | Lair:2   | Found a staircase to the Swamp.
  8823 | Lair:2   | Noticed Erica
  8833 | Lair:2   | XOM: chaos cloud
  8834 | Lair:2   | XOM: divination: detect items
  8836 | Lair:2   | Killed Erica
  8837 | Lair:2   | Reached skill level 10 in Fighting
  8867 | Lair:2   | You are sucked into a shaft and drop 2 floors!
  8925 | Lair:2   | XOM: polymorph yak -> jumping spider
  8930 | Lair:2   | Reached XP level 14. HP: 96/110 MP: 15/15
  8932 | Lair:2   | XOM: noise
  8993 | Lair:2   | XOM: destruction
  9011 | Lair:2   | XOM: smoke on damage
  9207 | Lair:1   | XOM: summons 8 hostile demons
  9223 | Lair:1   | XOM: polymorph cane toad -> polar bear
  9307 | Lair:1   | XOM: give mutations
  9307 | Lair:1   | Gained mutation: You are very dopey. (Int -4) [Xom's
                  | mischief]
  9307 | Lair:1   | Gained mutation: Armour fits poorly on your strangely
                  | shaped body. [Xom's mischief]
  9307 | Lair:1   | Gained mutation: Your body sometimes deteriorates upon
                  | taking damage. [Xom's mischief]
  9307 | Lair:1   | Lost mutation: You sometimes lose the ability to read
                  | scrolls when taking damage. [Xom's mischief]
  9336 | Lair:1   | XOM: confuse monster(s)
 10035 | Lair:2   | XOM: blink monster(s)
 10057 | Lair:2   | XOM: scenery: summon butterflies
 10074 | Lair:2   | XOM: potion effect (invisibility)
 10261 | Lair:2   | XOM: cloud trail
 10266 | Lair:2   | Found a hole to the Spider Nest.
 10449 | Lair:2   | XOM: give mutations
 10449 | Lair:2   | Lost mutation: You are agile. (Dex +2) [Xom's mischief]
 10449 | Lair:2   | Gained mutation: You are clumsy. (Dex -2) [Xom's mischief]
 10449 | Lair:2   | Lost mutation: You are weak. (Str -2) [Xom's mischief]
 10449 | Lair:2   | Lost mutation: You are clumsy. (Dex -2) [Xom's mischief]
 11030 | Lair:3   | Identified the +6 hunting sling of Yblydwedd {freeze, rC+++
                  | Will+ Int-4 SInv}
 11053 | Lair:3   | XOM: confuse monster(s)
 11054 | Lair:3   | XOM: divine lightning
 11066 | Lair:3   | XOM: summons 3 friendly demons
 11073 | Lair:3   | XOM: cleaving
 11311 | Lair:3   | XOM: summons 2 hostile demons
 11428 | Lair:3   | Found an iron altar of Okawaru.
 11509 | Lair:4   | Reached skill level 11 in Fighting
 11510 | Lair:4   | XOM: give mutations
 11510 | Lair:4   | Gained mutation: Your flesh is heat resistant. (rF+) [Xom's
                  | grace]
 11510 | Lair:4   | Gained mutation: You are mostly covered in iridescent
                  | scales. (AC +4) [Xom's grace]
 11510 | Lair:4   | Gained mutation: You are completely covered in iridescent
                  | scales. (AC +6) [Xom's grace]
 11510 | Lair:4   | Gained mutation: You are robust. (+10% HP) [Xom's grace]
 12342 | Lair:4   | XOM: polymorph death yak -> shapeshifter
 12465 | Lair:5   | XOM: polymorph yak -> tarantella
 12489 | Lair:5   | Reached XP level 15. HP: 126/130 MP: 16/16
 12596 | Lair:5   | XOM: give mutations
 12596 | Lair:5   | Lost mutation: You are robust. (+10% HP) [Xom's mischief]
 12596 | Lair:5   | Gained mutation: You are clumsy. (Dex -2) [Xom's mischief]
 12641 | Lair:5   | XOM: confusion
 12646 | Lair:5   | XOM: fog
 12774 | Lair:5   | XOM: summons 2 hostile shadow creatures
 13185 | Lair:6   | Entered Level 6 of the Lair of Beasts
 13261 | Lair:6   | XOM: divination: magic mapping
 13408 | Lair:6   | Found a staircase to the Slime Pits.
 13446 | Lair:6   | XOM: enchant monster (bad)
 13524 | Lair:6   | XOM: fake destruction
 13540 | Lair:6   | XOM: noise
 13553 | Lair:6   | XOM: scenery: summon butterflies
 13597 | Lair:6   | XOM: blink monster(s)
 13613 | Lair:6   | XOM: give mutations
 13613 | Lair:6   | Gained mutation: You sometimes lose the ability to read
                  | scrolls when taking damage. [Xom's mischief]
 13613 | Lair:6   | Lost mutation: You are very dopey. (Int -4) [Xom's
                  | mischief]
 13616 | Lair:6   | Reached skill level 12 in Fighting
 13627 | Lair:6   | XOM: noise
 13644 | Lair:6   | XOM: chaos cloud
 13868 | Lair:6   | XOM: cast spell 'Summon Mana Viper'
 13882 | Lair:6   | XOM: silly message
 13884 | Lair:6   | XOM: enchant monster (bad)
 13911 | Lair:6   | Reached skill level 15 in Shields
 14123 | Lair:6   | XOM: enchant monster (bad)
 14202 | Lair:6   | XOM: silly message
 14209 | Lair:6   | Reached skill level 10 in Armour
 14353 | Lair:6   | XOM: chaos upgrade
 14710 | D:7      | Identified the ring "Qong" {Drain rPois rF+ rC- rN+++} (Xom
                  | gifted it to you on level 7 of the Dungeon)
 14710 | D:7      | XOM: god gift: ring "Qong" {Drain rPois rF+ rC- rN+++}
 14757 | D:6      | XOM: god gift: 36 gold pieces
 14836 | D:3      | XOM: scenery: create altars
 14873 | D:3      | Killed temujin's ghost
 14889 | D:3      | XOM: divination: detect creatures
 15035 | D:9      | XOM: scenery: 2 doors open
 15127 | D:9      | XOM: scenery: 1 doors close
 15285 | D:9      | XOM: divination: detect creatures
 15377 | D:9      | XOM: cloud trail
 15417 | D:9      | XOM: summons friendly white imp
 15706 | D:9      | XOM: give mutations
 15706 | D:9      | Gained mutation: Your spells are a little harder to cast,
                  | but a little more powerful. [Xom's grace]
 15706 | D:9      | Gained mutation: You have large cloven feet. [Xom's grace]
 15706 | D:9      | Gained mutation: You are partially covered in large bone
                  | plates. (SH +4) [Xom's grace]
 15706 | D:9      | Gained mutation: You have very sharp teeth. [Xom's grace]
 15743 | D:9      | XOM: silly message
 15782 | D:10     | Entered Level 10 of the Dungeon
 15919 | D:10     | XOM: chaos upgrade
 16356 | D:10     | XOM: summons 1 hostile demon
 16436 | D:11     | Noticed Maurice
 16462 | D:11     | Killed Maurice
 16478 | D:11     | Noticed Fannar
 16495 | D:11     | Killed Fannar
 16496 | D:11     | Reached XP level 16. HP: 117/129 MP: 17/17
 16651 | D:11     | XOM: swap monsters
 16800 | D:12     | XOM: give mutations
 16800 | D:12     | Gained mutation: You expend magic power (3 MP) to
                  | strengthen your wands. [Xom's grace]
 16800 | D:12     | Gained mutation: Your flesh is very heat resistant. (rF++)
                  | [Xom's grace]
 16800 | D:12     | Lost mutation: You are clumsy. (Dex -2) [Xom's grace]
 16879 | D:12     | Found a staircase to the Orcish Mines.
 16944 | D:12     | XOM: summons friendly quasit
 17138 | D:12     | Reached skill level 13 in Fighting
 17173 | D:12     | XOM: god gift: Great Wizards, Vol. VII
 17285 | D:12     | XOM: summons friendly shadow imp
 17286 | D:12     | XOM: fog
 17294 | D:12     | XOM: enchant monster (bad)
 17432 | D:12     | XOM: noise
 17444 | D:12     | XOM: silly message
 17568 | D:12     | XOM: divination: magic mapping
 17670 | D:12     | XOM: god gift: scroll of teleportation
 17856 | D:12     | XOM: god gift: wand of paralysis (10)
 17875 | Orc:1    | Entered Level 1 of the Orcish Mines
 17891 | Orc:1    | XOM: cast spell 'Leda's Liquefaction'
 18118 | Orc:1    | XOM: divination: detect creatures
 18290 | Orc:2    | Entered Level 2 of the Orcish Mines
 18474 | Orc:2    | XOM: cast spell 'Leda's Liquefaction'
 18525 | Orc:2    | XOM: summons 2 friendly demons
 18530 | Orc:2    | XOM: polymorph quasit -> iron imp
 18595 | Orc:2    | XOM: summons 7 friendly demons
 18606 | Orc:2    | XOM: cast spell 'Chain of Chaos'
 18620 | Orc:2    | Found Paxy's Antique Weapon Boutique.
 18697 | Orc:2    | Found Ungar's Antique Weapon Shoppe.
 18762 | Orc:2    | Reached skill level 14 in Fighting
 18861 | Orc:2    | Found Xuuneiss's Jewellery Shop.
 18862 | Orc:2    | Found Coxit's General Store.
 18883 | Orc:2    | XOM: divine lightning
 18899 | Orc:2    | XOM: scenery: create altars
 19008 | Orc:2    | XOM: god gift: 8 stones
 19094 | Orc:2    | Found a staircase to the Elven Halls.
 19168 | Orc:2    | XOM: summons 9 hostile demons
 19204 | Orc:2    | Gained mutation: You are clumsy. (Dex -2) [a neqoxec]
 19557 | D:13     | XOM: swap monsters
 19652 | D:13     | XOM: smoke on damage
 19673 | D:13     | XOM: noise
 19704 | D:13     | Found a gate to the Vaults.
 19734 | D:13     | XOM: give mutations
 19734 | D:13     | Lost mutation: You are completely covered in iridescent
                  | scales. (AC +6) [Xom's mischief]
 19734 | D:13     | Lost mutation: You have very sharp teeth. [Xom's mischief]
 20098 | D:13     | XOM: summons 3 hostile demons
 20159 | D:13     | XOM: torment (66/130 hp)
 20279 | D:13     | Reached skill level 15 in Polearms
 20279 | D:13     | Reached XP level 17. HP: 126/140 MP: 18/18
 20316 | D:13     | XOM: summons 4 hostile shadow creatures
 20380 | D:13     | XOM is BORED!
 20380 | D:13     | XOM: give mutations
 20380 | D:13     | Lost mutation: You are mostly covered in iridescent scales.
                  | (AC +4) [Xom's mischief]
 20380 | D:13     | Lost mutation: You are strong-willed. (Will+) [Xom's
                  | mischief]
 20380 | D:13     | Lost mutation: You are dopey. (Int -2) [Xom's mischief]
 20380 | D:13     | Lost mutation: You have large cloven feet. [Xom's mischief]
 20398 | D:13     | Noticed a sphinx
 20408 | D:13     | XOM: swap monsters
 20413 | D:13     | Killed a sphinx
 20613 | D:13     | XOM: summons friendly white imp
 20714 | D:14     | Found a gate leading to a gauntlet.
 20732 | D:14     | XOM: confusion
 20756 | Gauntlet | Entered a Gauntlet
 20756 | Gauntlet | Found a transporter.
 20759 | Gauntlet | Found a transporter.
 20760 | Gauntlet | Found a transporter.
 20764 | Gauntlet | Found a transporter.
 20765 | Gauntlet | Found a transporter.
 20766 | Gauntlet | Found a transporter.
 20780 | Gauntlet | Found a transporter.
 20786 | Gauntlet | Found a transporter.
 20826 | Gauntlet | Found a transporter.
 20830 | Gauntlet | Found a transporter.
 20834 | Gauntlet | Found a transporter.
 20885 | Gauntlet | Found a transporter.
 20918 | Gauntlet | XOM: stat loss: -1 Str (26/27)
 20974 | Gauntlet | Identified the +1 cloak of Shielding {Will+ MP+9 Slay-5}
 21005 | Gauntlet | XOM: enchant monster (bad)
 21054 | D:14     | XOM: polymorph centaur warrior -> swamp drake
 21084 | D:14     | Found a flagged portal.
 21113 | Bailey   | Entered a bailey
 21201 | Bailey   | XOM: summons 2 hostile shadow creatures
 21263 | Bailey   | XOM: give mutations
 21263 | Bailey   | Lost mutation: Your flesh is very heat resistant. (rF++)
                  | [Xom's mischief]
 21263 | Bailey   | Lost mutation: You sometimes lose the ability to read
                  | scrolls when taking damage. [Xom's mischief]
 21263 | Bailey   | Gained mutation: You occasionally shout uncontrollably at
                  | your foes. [Xom's mischief]
 21433 | Bailey   | XOM: repel stairs
 21726 | D:8      | XOM: give mutations
 21726 | D:8      | Gained mutation: You are dopey. (Int -2) [Xom's mischief]
 21726 | D:8      | Lost mutation: You are dopey. (Int -2) [Xom's mischief]
 21726 | D:8      | Lost mutation: You expend magic power (3 MP) to strengthen
                  | your wands. [Xom's mischief]
 21726 | D:8      | Gained mutation: Your body often deteriorates upon taking
                  | damage. [Xom's mischief]
 21837 | D:12     | XOM: give mutations
 21837 | D:12     | Lost mutation: You are clumsy. (Dex -2) [Xom's mischief]
 21837 | D:12     | Lost mutation: You are partially covered in iridescent
                  | scales. (AC +2) [Xom's mischief]
 21837 | D:12     | Lost mutation: You occasionally shout uncontrollably at
                  | your foes. [Xom's mischief]
 21837 | D:12     | Lost mutation: Your body often deteriorates upon taking
                  | damage. [Xom's mischief]
 21959 | D:14     | XOM: polymorph slime creature -> elephant
 21962 | D:14     | XOM: blink monster(s)
 21983 | D:13     | XOM: divination: detect items
 22087 | D:14     | Reached skill level 15 in Fighting
 22095 | D:14     | XOM: confuse monster(s)
 22328 | D:15     | Entered Level 15 of the Dungeon
 22330 | D:14     | XOM: give mutations
 22330 | D:14     | Gained mutation: Your flesh is cold resistant. (rC+) [Xom's
                  | grace]
 22330 | D:14     | Gained mutation: You expend magic power (3 MP) to
                  | strengthen your wands. [Xom's grace]
 22508 | D:15     | XOM: scenery: summon butterflies
 22516 | D:15     | XOM: give mutation
 22516 | D:15     | Gained mutation: Your natural rate of healing is unusually
                  | fast. [Xom's grace]
 22536 | D:15     | Found a staircase to the Depths.
 22586 | D:15     | XOM: draining
 23123 | D:15     | XOM: summons 9 hostile demons
 23374 | Spider:1 | Entered Level 1 of the Spider Nest
 23505 | Spider:1 | XOM: cast spell 'Cause Fear'
 23560 | Spider:1 | XOM: god gift: amulet of magic regeneration
 23668 | Spider:1 | XOM: divination: detect items
 23902 | Spider:1 | Identified the +2 hunting sling of Recklessness {freeze,
                  | rC+ rN+ Dex-4}
 23930 | Spider:1 | XOM: summons 9 friendly demons
 24096 | Spider:1 | XOM: potion effect (might)
 24123 | Spider:1 | XOM: silly message
 24535 | Spider:2 | XOM: summons 9 hostile demons
 24540 | Spider:2 | XOM: confuse monster(s)
 24555 | Spider:2 | XOM: cleaving
 24593 | Spider:2 | XOM: enchant monster (good)
 24596 | Spider:2 | XOM: draining
 24614 | Spider:2 | XOM: give mutations
 24614 | Spider:2 | Lost mutation: Armour fits poorly on your strangely shaped
                  | body. [Xom's mischief]
 24614 | Spider:2 | Lost mutation: Your spells are a little harder to cast, but
                  | a little more powerful. [Xom's mischief]
 24614 | Spider:2 | Lost mutation: Your natural rate of healing is unusually
                  | fast. [Xom's mischief]
 24614 | Spider:2 | Gained mutation: You are frail. (-10% HP) [Xom's mischief]
 24692 | Spider:2 | Found a frozen archway.
 24701 | IceCv    | Entered an ice cave
 24760 | IceCv    | Reached XP level 18. HP: 123/124 MP: 19/19
 24993 | IceCv    | XOM: summons 1 hostile demon
 25064 | IceCv    | Noticed an Ice Fiend
 25066 | IceCv    | XOM: give mutations
 25066 | IceCv    | Lost mutation: You have an increased reservoir of magic.
                  | (+10% MP) [Xom's mischief]
 25066 | IceCv    | Gained mutation: Your system is resistant to poisons.
                  | (rPois) [Xom's mischief]
 25081 | IceCv    | Killed an Ice Fiend
 25138 | IceCv    | XOM: divination: detect items
 25213 | Spider:2 | XOM: noise
 25308 | Spider:2 | Reached skill level 15 in Armour
 25525 | Spider:2 | XOM: noise
 25673 | Spider:2 | XOM: divination: detect creatures
 25905 | Spider:2 | XOM: cloud trail
 26119 | Spider:3 | XOM: potion effect (brilliance)
 26120 | Spider:3 | XOM: give mutation
 26120 | Spider:3 | Gained mutation: Your body often deteriorates upon taking
                  | damage. [Xom's mischief]
 26121 | Spider:3 | XOM: swap monsters
 26141 | Spider:3 | XOM: confuse monster(s)
 26248 | Spider:3 | XOM: give mutations
 26248 | Spider:3 | Gained mutation: You are very frail. (-20% HP) [Xom's
                  | mischief]
 26248 | Spider:3 | Gained mutation: You are extremely frail. (-30% HP) [Xom's
                  | mischief]
 26430 | Spider:3 | Identified the +5 hunting sling of Bodily Harmony {speed,
                  | rN+}
 26501 | Spider:3 | XOM: potion effect (invisibility)
 26679 | Spider:4 | Entered Level 4 of the Spider Nest
 26752 | Spider:4 | XOM: potion effect (might)
 26912 | Spider:4 | Reached skill level 16 in Fighting
 27331 | Spider:4 | XOM: enchant monster (bad)
 27333 | Spider:4 | XOM: divination: detect items
 27347 | Spider:4 | XOM: divination: magic mapping
 27375 | Spider:4 | Reached XP level 19. HP: 69/111 MP: 19/19
 27467 | Spider:4 | XOM: scenery: summon butterflies
 27509 | Spider:4 | XOM: polymorph emperor scorpion -> emperor scorpion
 27521 | Spider:4 | XOM: enchant monster (good)
 27545 | Spider:4 | Reached skill level 10 in Dodging
 27703 | Spider:4 | XOM: noise
 27774 | Spider:4 | XOM: god gift: shortbow {god gift}
 27775 | Spider:4 | Reached skill level 17 in Fighting
 27796 | Spider:4 | XOM: cast spell 'Call Canine Familiar'
 28053 | Spider:4 | Got a gossamer rune of Zot
 28479 | Spider:1 | XOM is BORED!
 28629 | Elf:1    | Entered Level 1 of the Elven Halls
 28803 | Elf:1    | XOM: give mutation
 28803 | Elf:1    | Gained mutation: You are dopey. (Int -2) [Xom's mischief]
 28829 | Orc:2    | XOM: scenery: create altars
 28855 | Orc:2    | Bought the ring of Xoqugetz {rElec MP+9 Int+2 SInv} for 593
                  | gold pieces
 28990 | Elf:1    | Found a runed translucent gate.
 28990 | Elf:1    | Found a runed translucent gate.
 28990 | Elf:1    | Found a runed translucent gate.
 28991 | Elf:1    | Noticed kalagan's ghost (journeyman DECj)
 29004 | Elf:1    | XOM: silly message
 29023 | Elf:1    | XOM: divination: magic mapping
 29314 | Elf:1    | XOM: give mutations
 29314 | Elf:1    | Gained mutation: You sometimes lose the ability to read
                  | scrolls when taking damage. [Xom's mischief]
 29314 | Elf:1    | Lost mutation: You are partially covered in large bone
                  | plates. (SH +4) [Xom's mischief]
 29314 | Elf:1    | Gained mutation: You are somewhat resistant to further
                  | mutation. [Xom's mischief]
 29314 | Elf:1    | Gained mutation: You are clumsy. (Dex -2) [Xom's mischief]
 29346 | Elf:1    | XOM: scenery: create altars
 29470 | Elf:1    | XOM: cloud trail
 29485 | Elf:1    | Got the Tome of Darkness
 29601 | Elf:1    | XOM: give mutations
 29601 | Elf:1    | Gained mutation: You have a beak for a mouth. [Xom's grace]
 29601 | Elf:1    | Gained mutation: You passively dampen the noise of your
                  | surroundings. [Xom's grace]
 29601 | Elf:1    | Gained mutation: Your spells are a little harder to cast,
                  | but a little more powerful. [Xom's grace]
 29669 | Elf:1    | XOM: blink monster(s)
 30281 | Elf:2    | XOM: confuse monster(s)
 30367 | Elf:2    | XOM: potion effect (heal wounds)
 30377 | Elf:2    | XOM: blink monster(s)
 30410 | Elf:2    | XOM: noise
 30420 | Elf:2    | Reached skill level 18 in Fighting
 30708 | Elf:2    | XOM: chaos upgrade
 30823 | Elf:2    | XOM: give mutation
 30823 | Elf:2    | Lost mutation: Your flesh is heat resistant. (rF+) [Xom's
                  | mischief]
 30857 | Elf:2    | XOM: summons friendly ufetubus
 30866 | Elf:2    | XOM: give mutation
 30866 | Elf:2    | Gained mutation: You are resistant to electric shocks.
                  | (rElec) [Xom's grace]
 30878 | Elf:2    | Found a runed translucent gate.
 30879 | Elf:2    | Found a runed translucent gate.
 30879 | Elf:2    | Found a runed translucent gate.
 30917 | Elf:3    | Entered Level 3 of the Elven Halls
 30917 | Elf:3    | Found a radiant altar of Vehumet.
 30974 | Elf:2    | XOM: give mutations
 30974 | Elf:2    | Lost mutation: You have a beak for a mouth. [Xom's grace]
 30974 | Elf:2    | Gained mutation: You have very sharp teeth. [Xom's grace]
 30974 | Elf:2    | Lost mutation: You are extremely frail. (-30% HP) [Xom's
                  | grace]
 30974 | Elf:2    | Gained mutation: You are partially covered in iridescent
                  | scales. (AC +2) [Xom's grace]
 31141 | Elf:3    | XOM is BORED!
 31171 | Elf:3    | Reached XP level 20. HP: 137/137 MP: 20/20
 31652 | Elf:3    | Identified the +10 rapier of Deformation {vorpal, rC+}
 31785 | Elf:3    | Cast into level 2 of the Abyss (a deep elf demonologist)
 31852 | Abyss:2  | XOM: destruction
 31908 | Abyss:2  | XOM: god gift: 1002 gold pieces
 32020 | Abyss:2  | XOM: polymorph angel -> daeva
 32061 | Abyss:2  | Reached skill level 19 in Fighting
 32079 | Abyss:2  | XOM: summons 2 friendly demons
 32093 | Abyss:2  | Found an ornate altar of the Wu Jian Council.
 32131 | Abyss:2  | XOM: blink monster(s)
 32145 | Abyss:2  | XOM: noise
 32224 | Abyss:2  | XOM: cast spell 'Alistair's Intoxication'
 32255 | Abyss:2  | XOM: noise
 32260 | Abyss:2  | XOM: confusion (+ monsters)
 32262 | Abyss:2  | XOM: cast spell 'Disjunction'
 32264 | Abyss:2  | XOM: summons friendly ufetubus
 32276 | Elf:3    | Escaped the Abyss
 32685 | Elf:3    | XOM: potion effect (curing)
 32990 | Elf:3    | XOM: potion effect (invisibility)
 32991 | Elf:3    | XOM: silly message
 33140 | Elf:3    | XOM: summons 2 hostile shadow creatures
 33152 | Elf:3    | XOM: silly message
 33154 | Elf:3    | XOM: noise
 33188 | Elf:3    | XOM: give mutations
 33188 | Elf:3    | Lost mutation: You are very frail. (-20% HP) [Xom's
                  | mischief]
 33188 | Elf:3    | Lost mutation: You are clumsy. (Dex -2) [Xom's mischief]
 33188 | Elf:3    | Lost mutation: You are partially covered in iridescent
                  | scales. (AC +2) [Xom's mischief]
 33190 | Elf:3    | XOM: chaos upgrade
 33191 | Elf:3    | XOM: swap monsters
 33209 | Elf:3    | Reached skill level 20 in Fighting
 33300 | Elf:3    | Identified the +9 hand axe of Wilasoz {freeze, *Noise rF+
                  | rN+ Int+3}
 33300 | Elf:3    | Identified the quicksilver dragon scales of Wagesy {Harm
                  | Will+ Str-4 Int+4 SInv}
 33399 | Elf:1    | XOM: give mutations
 33399 | Elf:1    | Lost mutation: Your spells are a little harder to cast, but
                  | a little more powerful. [Xom's mischief]
 33399 | Elf:1    | Gained mutation: Your magical capacity is low. (-10% MP)
                  | [Xom's mischief]
 33399 | Elf:1    | Lost mutation: Your body often deteriorates upon taking
                  | damage. [Xom's mischief]
 33399 | Elf:1    | Lost mutation: You are frail. (-10% HP) [Xom's mischief]
 33828 | Elf:3    | Identified the +9 flail "Hyut" {speed, Will+ Int+2 Stlth+}
 33879 | Elf:3    | XOM: divination: detect items
 33953 | Elf:3    | XOM: cleaving
 33971 | Elf:3    | Got the Compendium of Paper
 33981 | Elf:3    | XOM: noise
 34060 | Elf:3    | XOM: confuse monster(s)
 34066 | Elf:3    | XOM: enchant monster (good)
 34331 | Elf:3    | Found a radiant altar of Vehumet.
 34848 | Lair:1   | XOM: summons 4 hostile demons
 34864 | Lair:1   | XOM: give mutations
 34864 | Lair:1   | Lost mutation: You expend magic power (3 MP) to strengthen
                  | your wands. [Xom's mischief]
 34864 | Lair:1   | Gained mutation: You are very dopey. (Int -4) [Xom's
                  | mischief]
 34892 | Swamp:1  | Entered Level 1 of the Swamp
 34908 | Swamp:1  | Noticed Josephine
 34916 | Swamp:1  | XOM: divination: detect items
 34950 | Swamp:1  | XOM: potion effect (heal wounds)
 34958 | Lair:2   | Killed Josephine
 34983 | Swamp:1  | Found a runed translucent door.
 34984 | Swamp:1  | Found a shimmering altar of Xom.
 34984 | Swamp:1  | Noticed makewrite's ghost (adept HOBe)
 34984 | Swamp:1  | Identified the +7 demon trident "Pesk" {chaos, rF- Int+7
                  | Dex+7}
 35069 | Swamp:1  | XOM: enchant monster (good)
 35075 | Swamp:1  | XOM: noise
 35104 | Swamp:1  | Reached XP level 21. HP: 183/184 MP: 18/18
 35151 | Swamp:1  | XOM: noise
 35824 | Swamp:2  | XOM: god gift: 14 stones
 35912 | Swamp:2  | XOM: give mutations
 35912 | Swamp:2  | Lost mutation: Your magical capacity is low. (-10% MP)
                  | [Xom's mischief]
 35912 | Swamp:2  | Lost mutation: Your flesh is cold resistant. (rC+) [Xom's
                  | mischief]
 35912 | Swamp:2  | Lost mutation: Your system is resistant to poisons. (rPois)
                  | [Xom's mischief]
 35912 | Swamp:2  | Lost mutation: You are very dopey. (Int -4) [Xom's
                  | mischief]
 35996 | Swamp:2  | Reached skill level 21 in Fighting
 36407 | Swamp:3  | Noticed Jorgrun
 36407 | Swamp:3  | XOM: scenery: create altars
 36410 | Swamp:3  | XOM: summons friendly iron imp
 36410 | Swamp:3  | XOM: butterfly on damage
 36418 | Swamp:3  | Killed Jorgrun
 36522 | Swamp:3  | XOM: cast spell 'Metabolic Englaciation'
 36676 | Swamp:3  | XOM: stat loss: -1 Str (29/30)
 36735 | Swamp:3  | XOM: confuse monster(s)
 36802 | Swamp:4  | Entered Level 4 of the Swamp
 36823 | Swamp:4  | XOM: divination: magic mapping
 37213 | Swamp:4  | XOM: stat loss: -1 Str (29/30)
 37240 | Swamp:4  | XOM: stat loss: -1 Int (6/7)
 37435 | Swamp:4  | XOM: give mutations
 37435 | Swamp:4  | Lost mutation: Your body sometimes deteriorates upon taking
                  | damage. [Xom's mischief]
 37435 | Swamp:4  | Lost mutation: You passively dampen the noise of your
                  | surroundings. [Xom's mischief]
 37435 | Swamp:4  | Gained mutation: You are partially covered in large bone
                  | plates. (SH +4) [Xom's mischief]
 37435 | Swamp:4  | Gained mutation: Potions are less effective at restoring
                  | your health. [Xom's mischief]
 37458 | Swamp:4  | Reached skill level 22 in Fighting
 37471 | Swamp:4  | XOM: stat loss: -1 Str (28/30)
 37480 | Swamp:4  | XOM: confusion
 37487 | Swamp:4  | XOM: polymorph eight-headed hydra -> manticore
 37515 | Swamp:4  | Noticed the 27-headed Lernaean hydra
 37537 | Swamp:4  | Killed the 27-headed Lernaean hydra
 37673 | Swamp:4  | Got a decaying rune of Zot
 38221 | Vaults:1 | Entered Level 1 of the Vaults
 38401 | Vaults:1 | XOM: potion effect (curing)
 38533 | Vaults:1 | XOM: god gift: +1 plate armour of fire resistance
 38540 | Vaults:1 | XOM: scenery: summon butterflies
 38542 | Vaults:1 | XOM: fake destruction
 39250 | Vaults:1 | XOM: cloud trail
 39365 | Vaults:1 | Identified the ring of Hehoa {rF- rCorr Str-3 Int+7 Dex+6}
                  | (Xom gifted it to you on level 1 of the Vaults)
 39365 | Vaults:1 | XOM: god gift: ring of Hehoa {rF- rCorr Str-3 Int+7 Dex+6}
 39377 | Vaults:1 | You fall into a shaft and drop 1 floor!
 39387 | Vaults:2 | Reached XP level 22. HP: 198/198 MP: 22/22
 39498 | Vaults:2 | Found a staircase to the Crypt.
 39583 | Vaults:2 | XOM: god gift: 7 stones
 39624 | Vaults:1 | XOM: scenery: 1 doors close
 39803 | Vaults:1 | XOM: destruction
 39812 | Vaults:1 | XOM: confuse monster(s)
 39824 | Vaults:1 | XOM: cast spell 'Leda's Liquefaction'
 39887 | Vaults:1 | XOM: cast spell 'Statue Form'
 40617 | Vaults:2 | Reached skill level 23 in Fighting
 40727 | Vaults:2 | Found a transporter.
 40759 | Vaults:2 | Found a transporter.
 40769 | Vaults:2 | XOM is BORED!
 40926 | Vaults:2 | XOM: polymorph ironbound convoker -> swamp dragon
 40931 | Vaults:2 | XOM: divination: magic mapping
 41012 | Vaults:2 | XOM: blink monster(s)
 41083 | Vaults:2 | Noticed Aizul
 41103 | Vaults:2 | Killed Aizul
 41351 | Vaults:3 | XOM: summons friendly white imp
 41374 | Vaults:2 | XOM: potion effect (heal wounds)
 41385 | Vaults:2 | XOM: noise
 41546 | Vaults:3 | XOM: confuse monster(s)
 41558 | Vaults:3 | XOM: confuse monster(s)
 41609 | Vaults:3 | XOM: potion effect (brilliance)
 41690 | Vaults:3 | XOM: potion effect (curing)
 41827 | Vaults:3 | XOM: potion effect (invisibility)
 41846 | Vaults:3 | XOM: cast spell 'Summon Ice Beast'
 41851 | Vaults:3 | XOM: divination: detect items
 42302 | Vaults:3 | XOM: scenery: 3 doors open, 1 doors close
 42379 | Vaults:3 | XOM: give mutation
 42379 | Vaults:3 | Gained mutation: Your body sometimes deteriorates upon
                  | taking damage. [Xom's mischief]
 42537 | Vaults:3 | XOM: summons 2 hostile demons
 42639 | Vaults:3 | XOM: give mutation
 42639 | Vaults:3 | Lost mutation: You are somewhat resistant to further
                  | mutation. [Xom's mischief]
 42827 | Vaults:3 | XOM: silly message
 43239 | Vaults:4 | XOM: potion effect (curing)
 43243 | Vaults:4 | XOM: potion effect (invisibility)
 43249 | Vaults:4 | Reached XP level 23. HP: 209/209 MP: 23/23
 43261 | Vaults:4 | XOM: enchant monster (good)
 43339 | Vaults:4 | XOM: silly message
 43438 | Vaults:4 | XOM: cast spell 'Summon Ice Beast'
 43454 | Vaults:4 | Reached skill level 24 in Fighting
 43556 | Vaults:4 | XOM: divination: detect creatures
 43591 | Vaults:4 | XOM: divination: detect creatures
 43706 | Vaults:4 | XOM: confuse monster(s)
 43808 | Vaults:4 | XOM: noise
 43829 | Vaults:4 | XOM: chaos upgrade
 43893 | Vaults:4 | XOM: divination: detect creatures
 44011 | Vaults:4 | XOM: destruction
 44035 | Vaults:4 | XOM: polymorph brown ugly thing -> green ugly thing
 44069 | Vaults:4 | Found a transporter.
 44082 | Vaults:4 | Found a transporter.
 44187 | Vaults:4 | XOM: scenery: 1 doors open, 2 doors close
 44195 | Vaults:4 | XOM: swap monsters
 44207 | Vaults:4 | XOM: polymorph yaktaur captain -> fire dragon
 44336 | Vaults:4 | Found Cisam's Jewellery Shop.
 44377 | Vaults:4 | Noticed Donald
 44387 | Vaults:4 | XOM: summons friendly quasit
 44399 | Vaults:4 | Killed Donald
 45087 | Vaults:2 | XOM: enchant monster (bad)
 45095 | Vaults:2 | XOM: summons 12 friendly demons
 45096 | Vaults:2 | XOM: noise
 45097 | Vaults:2 | XOM: fog
 45104 | Vaults:2 | XOM: divination: detect creatures
 45113 | Vaults:2 | XOM: polymorph vault warden -> shapeshifter
 45139 | Vaults:2 | Identified the ring of the Fifty Visionaries {Will+ Str+6
                  | Int+5 SInv Stlth-}
 45148 | Vaults:2 | Identified the ring of Fagust {+Blink rF+ rCorr MP+9 Str+4
                  | Slay-6}
 45175 | Vaults:2 | XOM: god gift: ring mail {god gift}
 45479 | D:12     | XOM: god gift: plate armour {god gift}
 45732 | Elf:2    | XOM: god gift: 16 stones
 45773 | Elf:2    | You fall into a shaft and drop 1 floor!
 45939 | Elf:2    | XOM: potion effect (invisibility)
 45977 | Elf:2    | XOM: fog
 46001 | Elf:2    | XOM: chaos upgrade
 46002 | Elf:2    | XOM: divination: detect creatures
 46316 | Elf:1    | Killed kalagan's ghost
 46590 | Swamp:1  | Killed makewrite's ghost
 46596 | Swamp:1  | Identified the +11 quarterstaff "Awuw" {venom, rC+ Str+4
                  | Int+4}
 46908 | Depths:1 | Entered Level 1 of the Depths
 47001 | Depths:1 | Found a portal to a secret trove of treasure.
 47080 | Depths:1 | Found a gateway to Hell.
 47095 | Depths:1 | XOM: chaos cloud
 47246 | Depths:1 | XOM: chaos upgrade
 47306 | Depths:1 | XOM: silly message
 47316 | Depths:1 | Reached XP level 24. HP: 217/217 MP: 23/23
 47675 | Depths:1 | XOM: draining
 47902 | Depths:1 | Found a snail-covered altar of Cheibriados.
 47919 | Depths:1 | Found Luadghiu's Book Shoppe.
 47920 | Depths:1 | Found Inumol's Jewellery Boutique.
 47921 | Depths:1 | Found Jodwem's Book Shoppe.
 47985 | Depths:1 | XOM: summons 5 friendly demons
 48245 | Depths:2 | XOM: polymorph ettin -> alligator
 48304 | Depths:2 | XOM: polymorph deep troll earth mage -> slime creature
 48310 | Depths:2 | XOM: polymorph iron troll -> iron troll
 48353 | Depths:2 | Found Fofeytedd's General Store.
 48456 | Depths:2 | Found Baqaadiph's Armour Boutique.
 48459 | Depths:2 | Bought the +18 shield of the Gong {rElec rN+ Will+ EV-5}
                  | for 2140 gold pieces
 48459 | Depths:2 | Found the +18 shield of the Gong {rElec rN+ Will+ EV-5}
 48677 | Depths:2 | XOM: give mutations
 48677 | Depths:2 | Gained mutation: You are partially covered in iridescent
                  | scales. (AC +2) [Xom's grace]
 48677 | Depths:2 | Gained mutation: Your spells are a little harder to cast,
                  | but a little more powerful. [Xom's grace]
 48677 | Depths:2 | Gained mutation: You have an increased reservoir of magic.
                  | (+10% MP) [Xom's grace]
 48677 | Depths:2 | Gained mutation: Your flesh is heat resistant. (rF+) [Xom's
                  | grace]
 48832 | Depths:2 | Found a gateway to a ziggurat.
 48836 | Depths:2 | XOM: god gift: 26 gold pieces
 49252 | Depths:2 | XOM: give mutations
 49252 | Depths:2 | Gained mutation: You are agile. (Dex +2) [Xom's grace]
 49252 | Depths:2 | Gained mutation: You are robust. (+10% HP) [Xom's grace]
 49252 | Depths:2 | Gained mutation: Your spells are harder to cast, but more
                  | powerful. [Xom's grace]
 49305 | Depths:2 | Noticed an ancient lich
 49315 | Depths:2 | Killed an ancient lich
 49699 | Depths:3 | XOM: destruction
 49779 | Depths:3 | XOM: fake destruction
 49780 | Depths:3 | XOM: polymorph stone giant -> storm dragon
 49798 | Depths:3 | XOM: noise
 49819 | Depths:3 | XOM: divination: magic mapping
 49822 | Depths:3 | XOM: fog
 49827 | Depths:3 | XOM: polymorph red very ugly thing -> cyan very ugly thing
 49843 | Depths:3 | Noticed an ancient lich
 49845 | Depths:3 | XOM: blink monster(s)
 49857 | Depths:3 | XOM: silly message
 49865 | Depths:3 | Killed an ancient lich
 49866 | Depths:3 | Reached XP level 25. HP: 244/248 MP: 25/25
 49897 | Depths:3 | XOM: confuse monster(s)
 49901 | Depths:3 | Found a one-way gate leading to the halls of Pandemonium.
 49911 | Depths:3 | XOM: swap monsters
 49950 | Depths:3 | XOM: cleaving
 49952 | Depths:3 | XOM: divination: magic mapping
 49987 | Depths:3 | Found a magical portal.
 50005 | WizLab   | Entered The Hall of the Hellbinder
 50018 | WizLab   | XOM: silly message
 50027 | WizLab   | XOM: summons 14 friendly demons
 50038 | WizLab   | Gained mutation: Potions cannot restore your health. [a
                  | neqoxec]
 50039 | WizLab   | XOM: enchant monster (bad)
 50075 | WizLab   | XOM: summons 5 friendly demons
 50108 | WizLab   | XOM: summons 2 friendly demons
 50381 | WizLab   | Identified the +9 lajatang "Noreodiu" {vamp, rN+}
 50429 | WizLab   | Found a burning altar of Makhleb.
 50430 | WizLab   | Found the +2 cloak of the Thief {*Fog Slay-2 SInv Stlth+}
 50442 | WizLab   | Got the Handbook of Companions
 50461 | WizLab   | Identified the ring "Vaon" {Drain Fly Dex+5}
 50893 | Depths:3 | XOM: stat loss: -1 Dex (11/12)
 50919 | Depths:3 | Identified the amulet of Doors {Faith Dex+3}
 50932 | Depths:3 | XOM: swap monsters
 50946 | Depths:3 | Identified the ring "Gopsuech" {rPois rN++ rCorr Dex-5
                  | Stlth+}
 50946 | Depths:3 | Identified the +7 hand crossbow of the Valley {elec, rF+
                  | SInv}
 50946 | Depths:3 | Identified the ring "Loemytt" {rF+ Str+6 Dex+3}
 50978 | Depths:3 | Reached skill level 15 in Axes
 50989 | Depths:3 | XOM: cast spell 'Metabolic Englaciation'
 50994 | Depths:3 | Identified the +3 whip of the Tundras {protect, rF+ Int+4}
 51031 | Depths:3 | Reached skill level 25 in Fighting
 51302 | Depths:3 | XOM: silly message
 51572 | Depths:4 | XOM: confusion (+ monsters)
 51643 | Depths:4 | Found a one-way gate to the infinite horrors of the Abyss.
 51708 | Depths:4 | Identified a scroll of acquirement
 51730 | Depths:4 | Acquired 957 gold pieces
 52145 | Depths:1 | You paid a toll of +3 gold dragon scales to enter a
                  | treasure trove
 52146 | Trove    | Entered a treasure trove
 52150 | Trove    | Identified the +5 leather armour "Wehueka" {Will+}
 52152 | Trove    | Identified the +2 pair of gloves of the Clam {rF+ rN+
                  | Dex+4}
 52155 | Trove    | Identified the +0 pair of gloves of Sloth {-Tele rElec
                  | Regen+ Str+6}
 52159 | Trove    | Identified the +0 pair of gloves of the Lobster {Rampage
                  | Str-4 Dex+2 Slay+5}
 52172 | Trove    | Identified the +0 pair of gloves of the Skies Above {-Cast
                  | rF+ Will+}
 52291 | D:11     | XOM: god gift: +5 hand axe of chaos
 52684 | Depths:4 | XOM: blink monster(s)
 52704 | Depths:4 | XOM: confuse monster(s)
 52841 | Depths:4 | Acquired a manual of Armour
 53062 | Depths:4 | XOM: swap monsters
 53096 | Depths:4 | XOM: blink monster(s)
 53098 | Depths:4 | Reached XP level 26. HP: 250/256 MP: 25/25
 53100 | Depths:4 | XOM: cast spell 'Death Channel'
 53111 | Depths:4 | XOM: confuse monster(s)
 53260 | Depths:4 | XOM: cast spell 'Cause Fear'
 53510 | Depths:5 | Entered Level 5 of the Depths
 53666 | Depths:4 | XOM: give mutations
 53666 | Depths:4 | Lost mutation: Your body sometimes deteriorates upon taking
                  | damage. [Xom's mischief]
 53666 | Depths:4 | Lost mutation: You are partially covered in iridescent
                  | scales. (AC +2) [Xom's mischief]
 53666 | Depths:4 | Lost mutation: You sometimes lose the ability to read
                  | scrolls when taking damage. [Xom's mischief]
 53688 | Depths:5 | XOM: enchant monster (bad)
 53705 | Depths:5 | XOM: summons friendly crimson imp
 53847 | Depths:5 | XOM: divination: detect items
 53880 | Depths:5 | XOM: potion effect (might)
 53933 | Depths:5 | XOM: noise
 54027 | Depths:5 | XOM: draining
 54090 | Depths:5 | XOM: chaos cloud
 54182 | Depths:5 | Reached skill level 26 in Fighting
 54208 | Depths:5 | Identified the +2 ring mail "Coezxamm" {Str+4 Dex+2}
 54262 | Depths:5 | XOM: polymorph deep troll earth mage -> quicksilver ooze
 54332 | Depths:5 | Found a gate to the Realm of Zot.
 54333 | Depths:5 | XOM: confusion (+ monsters)
 54355 | Depths:5 | XOM: confusion
 54376 | Depths:5 | XOM: summons 3 hostile shadow creatures
 54500 | Depths:5 | XOM: chaos cloud
 54509 | Depths:5 | XOM: confuse monster(s)
 54510 | Depths:5 | XOM: enchant monster (good)
 54535 | Depths:5 | XOM: noise
 54591 | Depths:5 | XOM: noise
 55038 | D:8      | XOM: divination: detect creatures
 55192 | D:13     | XOM: silly message
 55709 | Vaults:5 | Entered Level 5 of the Vaults
 55738 | Vaults:5 | XOM: silly message
 55766 | Vaults:5 | Reached XP level 27. HP: 253/269 MP: 25/25
 55796 | Vaults:5 | XOM: divination: detect creatures
 55996 | Vaults:5 | XOM: summons 5 hostile demons
 56179 | Vaults:5 | XOM: enchant monster (bad)
 56270 | Vaults:5 | XOM: confuse monster(s)
 56271 | Vaults:5 | XOM: summons friendly ufetubus
 56528 | Vaults:5 | Reached skill level 27 in Fighting
 56633 | Vaults:5 | XOM: summons 8 friendly demons
 56710 | Vaults:5 | Found Maut Ewn's Weapon Shoppe.
 56783 | Vaults:5 | XOM: god gift: 5 javelins
 56848 | Vaults:5 | XOM: god gift: 904 gold pieces
 56919 | Vaults:5 | XOM: summons 4 hostile shadow creatures
 57012 | Vaults:5 | Got a silver rune of Zot
 57038 | Vaults:5 | Identified the +6 spear of Tartarus {freeze, rElec rC+ MP-9
                  | Int+2 Dex+3}
 57059 | Vaults:5 | XOM: chaos cloud
 57094 | Vaults:5 | XOM: stat loss: -1 Str (27/28)
 57111 | Vaults:5 | XOM: torment (152/273 hp)
 57112 | Vaults:5 | Noticed a dread lich
 57124 | Vaults:5 | Killed a dread lich
 57206 | Vaults:5 | XOM: summons friendly white imp
 57268 | Vaults:5 | Identified the +11 rapier of Disaster {vorpal, *Noise rN+
                  | Int+4 Stlth+}
 57362 | Vaults:5 | XOM: give mutations
 57362 | Vaults:5 | Gained mutation: You passively dampen the noise of your
                  | surroundings. [Xom's grace]
 57362 | Vaults:5 | Gained mutation: You are somewhat resistant to further
                  | mutation. [Xom's grace]
 57362 | Vaults:5 | Lost mutation: You are somewhat resistant to further
                  | mutation. [Xom's grace]
 57362 | Vaults:5 | Gained mutation: You evolve. [Xom's grace]
 57362 | Vaults:5 | Gained mutation: You are very agile. (Dex +4) [Xom's grace]
 57374 | Vaults:5 | XOM: noise
 57514 | Vaults:5 | Got the Catalogue of Creative Displacement
 58079 | Vaults:4 | XOM: summons 3 friendly demons
 58080 | Vaults:4 | XOM: god gift: 397 gold pieces
 58108 | Vaults:4 | Identified the +0 helmet "Caugoof" {Int+4}
 58112 | Vaults:4 | Identified the amulet "Ciph" {Reflect rPois SH+5}
 58116 | Vaults:4 | Identified the +10 battleaxe "Vuifrouh" {drain, Dex+4}
 58463 | D:8      | XOM is BORED!
 58463 | D:8      | XOM: give mutations
 58463 | D:8      | Lost mutation: You are partially covered in large bone
                  | plates. (SH +4) [Xom's mischief]
 58463 | D:8      | Lost mutation: You have an increased reservoir of magic.
                  | (+10% MP) [Xom's mischief]
 58610 | Depths:1 | Bought a +4 ring of slaying for 1014 gold pieces
 58649 | Depths:2 | Bought a potion of curing for 57 gold pieces
 58810 | Orc:2    | Bought a scroll of enchant armour for 90 gold pieces
 58810 | Orc:2    | Bought a scroll of holy word for 90 gold pieces
 58957 | D:6      | Bought a scroll of enchant weapon for 217 gold pieces
 58957 | D:6      | Bought a wand of digging (3) for 232 gold pieces
 58995 | D:7      | XOM: give mutations
 58995 | D:7      | Lost mutation: You are robust. (+10% HP) [Xom's mischief]
 58995 | D:7      | Lost mutation: You are very agile. (Dex +4) [Xom's
                  | mischief]
 58995 | D:7      | Gained mutation: Your magical capacity is low. (-10% MP)
                  | [Xom's mischief]
 59079 | Spider:2 | Acquired the +1 pair of boots of Uskayaw's Displeasure
                  | {Int+6}
 59127 | Spider:1 | Lost mutation: Your magical capacity is low. (-10% MP)
                  | [evolution]
 59385 | Zot:1    | Entered Level 1 of the Realm of Zot
 59555 | Zot:1    | XOM: confusion (+ monsters)
 60000 | Zot:1    | XOM: summons friendly quasit
 60088 | Zot:2    | Noticed an ancient lich
 60094 | Zot:1    | XOM: god gift: scroll of enchant armour
 60138 | Zot:2    | Noticed a dread lich
 60138 | Zot:2    | XOM: butterfly on damage
 60139 | Zot:2    | XOM: polymorph death drake -> glowing orange brain
 60215 | Zot:2    | XOM: enchant monster (bad)
 60436 | Zot:2    | Killed an ancient lich
 60590 | Zot:2    | Killed a dread lich
 60743 | Zot:2    | XOM: summons 5 hostile demons
 60824 | Zot:2    | XOM: polymorph white draconian -> white draconian
 60825 | Zot:2    | XOM: chaos upgrade
 60969 | Zot:2    | XOM: polymorph yellow draconian scorcher -> fenstrider
                  | witch
 61161 | Zot:2    | XOM: cast spell 'Summon Mana Viper'
 61172 | Zot:2    | XOM: enchant monster (bad)
 61226 | Zot:2    | XOM: smoke on damage
 61241 | Zot:2    | XOM: blink monster(s)
 61364 | Zot:2    | Lost mutation: You have very sharp teeth. [potion of
                  | mutation]
 61364 | Zot:2    | Lost mutation: Your spells are harder to cast, but more
                  | powerful. [potion of mutation]
 61364 | Zot:2    | Lost mutation: Your spells are a little harder to cast, but
                  | a little more powerful. [potion of mutation]
 61365 | Zot:2    | Lost mutation: You are resistant to electric shocks.
                  | (rElec) [potion of mutation]
 61365 | Zot:2    | Lost mutation: You are agile. (Dex +2) [potion of mutation]
 61365 | Zot:2    | Gained mutation: Your system is resistant to poisons.
                  | (rPois) [potion of mutation]
 61365 | Zot:2    | Gained mutation: You are frail. (-10% HP) [potion of
                  | mutation]
 61365 | Zot:2    | Gained mutation: You are strong-willed. (Will+) [potion of
                  | mutation]
 61365 | Zot:2    | Gained mutation: You expend magic power (3 MP) to
                  | strengthen your wands. [potion of mutation]
 61366 | Zot:2    | Lost mutation: Your flesh is heat resistant. (rF+) [potion
                  | of mutation]
 61366 | Zot:2    | Gained mutation: You are very frail. (-20% HP) [potion of
                  | mutation]
 61367 | Zot:2    | Lost mutation: You are very frail. (-20% HP) [potion of
                  | mutation]
 61367 | Zot:2    | Lost mutation: You are strong-willed. (Will+) [potion of
                  | mutation]
 61367 | Zot:2    | Lost mutation: You are frail. (-10% HP) [potion of
                  | mutation]
 61367 | Zot:2    | Gained mutation: You are frail. (-10% HP) [potion of
                  | mutation]
 61367 | Zot:2    | Gained mutation: You have large cloven feet. [potion of
                  | mutation]
 61368 | Zot:2    | Lost mutation: You are frail. (-10% HP) [potion of
                  | mutation]
 61368 | Zot:2    | Lost mutation: You evolve. [potion of mutation]
 61368 | Zot:2    | Lost mutation: Potions cannot restore your health. [potion
                  | of mutation]
 61488 | Zot:2    | XOM: give mutations
 61488 | Zot:2    | Gained mutation: Your body sometimes deteriorates upon
                  | taking damage. [Xom's mischief]
 61488 | Zot:2    | Gained mutation: You are weak. (Str -2) [Xom's mischief]
 61488 | Zot:2    | Lost mutation: Your system is resistant to poisons. (rPois)
                  | [Xom's mischief]
 61546 | Zot:2    | XOM: divination: detect creatures
 61812 | Zot:3    | XOM: noise
 61925 | Zot:3    | Identified the +3 trident "Orb Guardian's Peril" {vorpal,
                  | Contam Fly Str+4 Int+2}
 61940 | Zot:3    | XOM: give mutations
 61940 | Zot:3    | Gained mutation: Armour fits poorly on your strangely
                  | shaped body. [Xom's mischief]
 61940 | Zot:3    | Lost mutation: Your body sometimes deteriorates upon taking
                  | damage. [Xom's mischief]
 61940 | Zot:3    | Gained mutation: You are very dopey. (Int -4) [Xom's
                  | mischief]
 61991 | Zot:3    | XOM: divination: detect creatures
 62104 | Zot:3    | XOM: cleaving
 62118 | Zot:3    | XOM: divination: detect items
 62693 | Zot:4    | XOM: summons 7 friendly demons
 62887 | Zot:4    | XOM: god gift: potion of degeneration
 62917 | Zot:4    | XOM: summons 2 friendly demons
 62977 | Zot:4    | Identified the +0 ring mail of Yleygucs {Regen+}
 63297 | Zot:4    | XOM: give mutations
 63297 | Zot:4    | Gained mutation: Your spells are a little harder to cast,
                  | but a little more powerful. [Xom's grace]
 63297 | Zot:4    | Gained mutation: Your natural rate of healing is unusually
                  | fast. [Xom's grace]
 63297 | Zot:4    | Gained mutation: You are strong-willed. (Will+) [Xom's
                  | grace]
 63368 | Zot:4    | XOM: cloud trail
 63409 | Zot:4    | XOM: god gift: staff of earth
 63524 | Zot:4    | Noticed an orb of fire
 63535 | Zot:4    | Lost mutation: Your spells are a little harder to cast, but
                  | a little more powerful. [an orb of fire]
 63542 | Zot:4    | Killed an orb of fire
 63887 | Zot:1    | XOM: god gift: scroll of teleportation
 63953 | Zot:5    | Entered Level 5 of the Realm of Zot
 63962 | Zot:5    | XOM: give mutation
 63962 | Zot:5    | Gained mutation: Your body sometimes deteriorates upon
                  | taking damage. [Xom's mischief]
 64096 | Zot:5    | XOM: divination: detect creatures
 64156 | Zot:5    | Identified the +2 robe "Wakhosai" {rC- Will- rCorr Dex+9}
 64538 | Zot:5    | XOM: noise
 64672 | Zot:5    | Noticed an ancient lich
 64681 | Zot:5    | Killed an ancient lich
 64682 | Zot:5    | Noticed an orb of fire
 64698 | Zot:5    | Killed an orb of fire
 64699 | Zot:5    | Noticed an orb of fire
 64704 | Zot:5    | Gained mutation: You are clumsy. (Dex -2) [an orb of fire]
 64710 | Zot:5    | Killed an orb of fire
 64710 | Zot:5    | Noticed an orb of fire
 64713 | Zot:5    | XOM: noise
 64723 | Zot:5    | Killed an orb of fire
 64723 | Zot:5    | Noticed an orb of fire
 64724 | Zot:5    | XOM: potion effect (heal wounds)
 64726 | Zot:5    | XOM: swap monsters
 64741 | Zot:5    | Killed an orb of fire
 64745 | Zot:5    | Noticed a Killer Klown
 64751 | Zot:5    | Killed a Killer Klown
 64754 | Zot:5    | XOM: enchant monster (good)
 64795 | Zot:5    | Noticed an ancient lich
 64824 | Zot:5    | XOM: butterfly on damage
 64825 | Zot:5    | Killed an ancient lich
 64832 | Zot:5    | Noticed a Killer Klown
 64839 | Zot:5    | Killed a Killer Klown
 64843 | Zot:5    | Noticed a dread lich
 64843 | Zot:5    | XOM: fog
 64865 | Zot:5    | Killed a dread lich
 64896 | Zot:5    | XOM: cleaving
 64955 | Zot:5    | XOM: scenery: summon butterflies
 65008 | Zot:5    | Noticed an orb of fire
 65019 | Zot:5    | Gained mutation: You sometimes lose the ability to read
                  | scrolls when taking damage. [an orb of fire]
 65021 | Zot:5    | Gained mutation: Potions cannot restore your health. [an
                  | orb of fire]
 65025 | Zot:5    | XOM: fog
 65028 | Zot:5    | Killed an orb of fire
 65039 | Zot:5    | Noticed a Killer Klown
 65044 | Zot:5    | Killed a Killer Klown
 65050 | Zot:5    | XOM: enchant monster (good)
 65057 | Zot:5    | Noticed a dread lich
 65070 | Zot:5    | Killed a dread lich
 65171 | Zot:5    | XOM: summons friendly white imp
 65207 | Zot:5    | XOM: enchant monster (good)
 65453 | Zot:5    | XOM: god gift: 12 stones
 65757 | Zot:5    | XOM: give mutations
 65757 | Zot:5    | Lost mutation: You are very dopey. (Int -4) [Xom's grace]
 65757 | Zot:5    | Gained mutation: Your spells are a little harder to cast,
                  | but a little more powerful. [Xom's grace]
 65757 | Zot:5    | Gained mutation: You have very sharp teeth. [Xom's grace]
 65757 | Zot:5    | Lost mutation: You are dopey. (Int -2) [Xom's grace]
 65994 | Zot:5    | XOM: god gift: falchion {god gift}
 66000 | Zot:5    | Got the Orb of Zot
 66015 | Zot:5    | Noticed Xuowejue the pandemonium lord
 66017 | Zot:5    | XOM: cast spell 'Alistair's Intoxication'
 66029 | Zot:5    | XOM: noise
 66029 | Zot:5    | XOM: smoke on damage
 66043 | Zot:5    | Killed Xuowejue the pandemonium lord
 66127 | Zot:4    | Gained mutation: Your body often deteriorates upon taking
                  | damage. [a cacodemon]
 66129 | Zot:4    | XOM: cast spell 'Leda's Liquefaction'
 66148 | Zot:4    | XOM: noise
 66363 | D:13     | XOM: divination: magic mapping
 66572 | D:1      | XOM: scenery: 1 doors close
 66620 | D:1      | XOM: stat loss: -1 Dex (9/10)
 66629 | D:1      | Woot!
 66630 | D:$      | Escaped with the Orb!

Illustrated notes

##..#####≈≈≈≈≈≈≈#####..###...
##.### #§≈≈...§.≈≈≈##.##.##...
#.## #...........#.####.##..
#.# ######'##..#.## #.##..
##.##### ###8'8#.##.######.##..
#.##≈..###.........###...##.#..
#.#≈≈..##...........##....#.#..
#.#≈...##............#....#.#..
#.'≈...'8.....@...........'....
#.#≈...#'............#....#)#..
#.#§§§.##...........##....#.#..
#.##§§.###.........###...##.#>.
#.###### ####8'8#### #####.##.#
##.# ######§###### #.##.. #.##
#.....§§....# ##.#### ##.###
#≈≈§§.§§§§≈≈# ###.###..
##..#####§§≈≈≈≈§#####..## #.#


Turn 66629 on D:1: Woot!

Levels and vault maps discovered:
D:1:      dpeg_arrival_morbid_curiosity, layout_basic, serial_shops, shop_coins,
          dreamdust_ecumenical_altar_sealed_demon, serial_bayou_pond_a
D:2:      layout_basic
D:3:      layout_rooms, kiku_gazebo_garden_becter, gammafunk_ghost_arena,
          cheibrodos_sewer_entry_drain, minmay_stone_trees_small,
          hangedman_glass_teeth, bh_walls_and_bars
D:4:      layout_loops_ring, marbit_many_paths, nicolae_overflow_crystal_walls,
          lemuel_coloured_pillars_altar, mainiacjoe_overflow_two_lobes,
          serial_shops, shop, due_unseen_surprise
D:5:      layout_loops_ring, serial_undead, serial_undead_a, serial_undead_b,
          serial_undead_b, serial_undead_f, uniq_pikel
D:6:      kennysheep_steamy, layout_basic, minmay_temple_entry_sparse_star,
          serial_shops, nicolae_lakefront_shop, uniq_sigmund, uniq_maggie,
          uniq_menkaure, uniq_blork_the_orc, uniq_duvessa, uniq_grinder
D:7:      layout_cave_pools, grunt_ogre_cave, uniq_crazy_yiuf_cottage,
          uniq_harold
D:8:      layout_loops_ring, minmay_lair_entry_grove, uniq_gastronok
D:9:      layout_roguey
D:10:     layout_cave_pools
D:11:     layout_rooms, uniq_fannar, uniq_maurice
D:12:     layout_loops_cross, david_orc_5
D:13:     minmay_textured_paths, layout_cross, david_vaults_4
D:14:     layout_rooms, enter_bailey_4, gauntlet_entry_generic,
          infiniplex_staircase_hallway_doors, serial_bayou_pond_e
D:15:     gammafunk_depths_entry_grave, layout_gridville,
          hangedman_decor_opposing
Lair:1:   layout_hall_layers, chequers_serial_rivers_large_b,
          serial_bayou_shore_b, minmay_lair_oklob_chamber
Lair:2:   layout_regular_city, skrybe_swamp_entry_bodies,
          spider_nest_entry_web_field, enter_volcano_4, minivault_25,
          eino_small_chamber_without_monster, amcnicky_mini_pool_medium,
          uniq_erica
Lair:3:   dragon1_lemuel, layout_misc_corridors, lemuel_oklob_altar
Lair:4:   layout_roguey, serial_bayou, serial_bayou_lagoon_a,
          serial_bayou_shore_a, serial_bayou_pond_c, serial_bayou_ford_a,
          serial_bayou_shore_b, serial_bayou_lake_a, serial_bayou_shore_b
Lair:5:   layout_concentric_octagons, nicolae_lair_yak_garden,
          grunt_megastairs_2
Lair:6:   minmay_lair_end_enchanted_forest, layout_small_grid,
          nicolae_slime_entry_slimehenge, chequers_serial_rivers_micro_e
Swamp:1:  layout_basic_swamp, ebering_ghost_xom,
          nicolae_swamp_ascending_descending_big, uniq_josephine
Swamp:2:  layout_falls_marsh, evilmike_swamp_ruin_house_5, swamp_pool3,
          nicolae_swamp_little_swirl
Swamp:3:  layout_basic_swamp, evilmike_swamp_ruin_house_4,
          infiniplex_staircase_pool, uniq_jorgrun
Swamp:4:  swamp_old_school, layout_basic_swamp, infiniplex_staircase_pool_2
Spider:1: layout_spider_delve, nicolae_spider_circle_web
Spider:2: layout_spider_delve, portal_ice_cave_entry_pillars_four,
          nicolae_spider_moth_buddies
Spider:3: layout_spider_delve
Spider:4: guppyfry_spider_rune
Orc:1:    layout_diamond_mine, serial_shops
Orc:2:    st_orc_open, layout_caves
Elf:1:    elf_arrival_001, layout_loops_corners, ebering_ghost_rock_garden,
          minmay_elf_necromancy
Elf:2:    nicolae_elf_blades_crystal_corner, layout_loops_cross,
          einodemon_crawler_minivault
Elf:3:    elf_hall_gauntlet_narrow, layout_loops_ring, basic_altar,
          lemuel_flamethrower_3
Vaults:1: nicolae_vaults_shelves_hall, vaults_standard_mumra_lines,
          serial_ice_g, nicolae_vaults_little_ls, nicolae_vaults_back_hallway,
          dpeg_vaults_waves, vaults_dpeg_diagonal, v_misc_8,
          nicolae_vaults_network_s, ontoclasm_vaults_fault, v_misc_33,
          hangedman_vaults_trim, hangedman_vaults_restitches,
          vaults_room_grunt_arrival_ludios, ontoclasm_vaults_claustrophobia,
          layout_vaults_maze_bifur
Vaults:2: gammafunk_its_a_trap, minmay_crypt_entry_simple_corners,
          vaults_room_octagon, v_misc_33, nicolae_vaults_ring_of_whatevers,
          nicolae_vaults_three_branches, v_misc_22, vaults_room_corners,
          nicolae_vaults_alarming, vaults_room_semicircle, grunt_vaults_twisty,
          nicolae_vaults_shelves_hall, layout_vaults_omnicross, uniq_aizul
Vaults:3: nicolae_vaults_network_quinsquares
          [nicolae_vaults_network_quincunx_subvault,
          nicolae_vaults_network_quincunx_subvault,
          nicolae_vaults_network_quincunx_subvault,
          nicolae_vaults_network_quincunx_subvault],
          nicolae_vaults_specimen_jars, v_rooms_1, vaults_room_ringed_pool,
          ontoclasm_vaults_ligature, vaults_mumra_minichess,
          vaults_standard_mumra_enter_the_diamond, v_misc_23,
          vaults_dpeg_spiral, v_misc_15, nicolae_vaults_diagonal_hallway_7,
          vaults_room_hangedman_quadrants, layout_vaults_ring
Vaults:4: ontoclasm_vaults_hangar, vaults_dpeg_ring, ontoclasm_vaults_spin,
          gammafunk_sealed_arena, vaults_room_door_ring, hangedman_vaults_nodes,
          nicolae_vaults_asterisk, v_alt_pattern_2,
          nicolae_vaults_network_square, nicolae_vaults_little_squares_1,
          v_misc_25, v_misc_10, vaults_room_door_hall,
          ontoclasm_vaults_loading_screen, ontoclasm_vaults_ring_small,
          layout_vaults_big_room, serial_shops, shop, uniq_donald
Vaults:5
Depths:1: layout_cave_pools, grunt_mini_vestibule,
          hangedman_decor_clover_reticule, nicolae_trove_entry_free_sample,
          st_stairs_5, drop_trap, cheibriados_altar_1, minmay_shop_grove,
          firewood_loft
Depths:2: cheibrodos_cascadia, layout_cave_shapes, enter_ziggurat_a,
          grunt_hell_entry_dis_mu, chequers_serial_rivers_micro_d,
          minmay_shop_star
Depths:3: minmay_the_grid_net [minmay_the_grid_outer_diamond,
          minmay_the_grid_minigrid_large, minmay_the_grid_odd_star,
          minmay_the_grid_garden, minmay_the_grid_tri_star,
          minmay_the_grid_prize_diamond_cup], layout_long_grid, pan_entry,
          hellmonk_bongcloud_opening, infiniplex_enter_wizlab_water, hell_entry
Depths:4: kb_forest_paths, layout_basic, abyss_entry,
          serial_sigils_hangedman_shear, pf_vacation_house_of_asmodeus,
          minivault_16, minmay_staircase_statues
Depths:5: grunt_zot_entry_funnels, layout_cave_pools, abyss_entry, hell_entry
Zot:1:    layout_concentric_octagons
Zot:2:    layout_cellular_growth, hangedman_snap_crack_crunch
Zot:3:    kennysheep_ambush_hall, layout_onion_interference, hangedman_zot_gyre
Zot:4:    lemuel_firehouse, layout_cathedral_of_symmetry
Zot:5:    layout_gridlike

Skill      XL: |  1  2  3  4  5  6  7  8  9 10 11 12 13 14 15 16 17 18 19 20 21 22 23 24 25 26 27 |
---------------+----------------------------------------------------------------------------------+-----
Axes           | 3 4 6 7 8 10 11 13 15 17 18 | 18.4
Shields        | 4 5 6 8 11 12 14 15 16 17 19 20 23 | 23.0
Fighting       | 4 5 6 7 8 10 11 12 14 15 16 18 20 22 23 24 25 26 27 | 27.0
Armour         | 4 5 6 7 8 9 10 14 15 16 17 18 19 20 21 24 | 24.0
Dodging        | 1 2 3 4 5 6 7 8 9 10 11 12 14 | 14.0
Polearms       | 5 8 10 12 13 15 23 | 23.0

Action                   |  1- 3 |  4- 6 |  7- 9 | 10-12 | 13-15 | 16-18 | 19-21 | 22-24 | 25-27 || total
-------------------------+-------+-------+-------+-------+-------+-------+-------+-------+-------++-------
Melee: War axe           |    98 |   148 |   283 |    13 |       |       |       |       |       ||   542
       Scythe            |       |       |     1 |     5 |       |       |       |       |       ||     6
       Lance             |       |       |       |   452 |  1419 |  2154 |  1771 |  1800 |  2663 || 10259
       Unarmed           |       |       |       |       |     8 |       |       |       |       ||     8
       Kick              |       |       |       |       |    21 |   183 |       |       |       ||   204
       Bite              |       |       |       |       |     4 |    69 |   153 |   296 |   355 ||   877
       Peck              |       |       |       |       |       |       |    31 |       |       ||    31
       Battleaxe         |       |       |       |       |       |       |       |   102 |   224 ||   326
Throw: Boomerang         |       |       |       |       |       |       |     5 |       |       ||     5
 Abil: Dig               |       |     1 |    17 |    19 |    27 |    61 |    47 |    14 |    88 ||   274
       Shaft Self        |       |       |     1 |     2 |     2 |       |       |     1 |       ||     6
Evoke: Wand              |       |       |     1 |     2 |       |       |     8 |       |       ||    11
  Use: Scroll            |       |     5 |     4 |     5 |     6 |     4 |       |     2 |    26 ||    52
       Potion            |       |     1 |       |     5 |     1 |       |     1 |       |     9 ||    17
 Stab: Confused          |       |       |     3 |     2 |     5 |    11 |     3 |     6 |     7 ||    37
       Invisible         |       |       |       |     1 |     2 |     8 |       |    24 |       ||    35
       Distracted        |       |       |       |       |     3 |     4 |       |       |     8 ||    15
       Sleeping          |       |       |       |       |     1 |       |       |       |       ||     1
       Petrified         |       |       |       |       |     5 |       |       |       |     3 ||     8
       Paralysed         |       |       |       |       |       |       |     3 |     2 |       ||     5
       Petrifying        |       |       |       |       |       |       |       |       |     1 ||     1
Armor: Scale mail        |    36 |    25 |       |       |       |       |       |       |       ||    61
       Troll leather arm |       |    10 |    61 |    58 |   103 |    41 |       |       |       ||   273
       Skin              |       |       |       |       |     1 |       |       |     1 |       ||     2
       Gold dragon scale |       |       |       |       |       |   168 |   314 |   271 |   407 ||  1160
Dodge: Dodged            |    49 |    89 |   121 |   113 |   245 |   224 |   155 |   239 |   159 ||  1394
Block: Kite shield       |    60 |    83 |   133 |   101 |       |       |       |   204 |  1757 ||  2338
       Tower shield      |       |       |       |    99 |   610 |  1096 |   764 |   922 |       ||  3491
